 Dungeon Crawl Stone Soup version 0.25-a0-699-g25a338df49 (webtiles) character file.

Game seed: 14326983984814478386, levelgen mode: deterministic

951722 Hartz the Sorcerer (level 27, -3/247 HPs)
             Began as a Gargoyle Earth Elementalist on Apr 2, 2020.
             Was the Champion of Vehumet.
             Killed from afar by Hartz's ghost (27 damage)
             ... with a great blast of fire
             ... on level 15 of a ziggurat.
             The game lasted 05:20:22 (77383 turns).

Hartz the Sorcerer (Gargoyle Earth Elementalist)   Turns: 77383, Time: 05:20:24

Health: -3/247     AC: 53    Str: 16    XL:     27
Magic:  13/53      EV: 26    Int: 37    God:    Vehumet [******]
Gold:   11421      SH:  0    Dex: 10    Spells: 4/78 levels left

rFire    + + +     SeeInvis +   O - +3 Elemental Staff {rElec rF++ rC++ MR++ AC+5}
rCold    + + +     Gourm    .   (no shield)
rNeg     + + .     Faith    .   k - +8 faerie dragon scales {*Slow rC++ rCorr Int+2 SInv}
rPois    ∞         Spirit   .   J - +0 mask of the Dragon {MR+ Slay+3 SInv}
rElec    +         Reflect  .   q - +2 cloak {+Inv}
rCorr    +         Harm     .   r - +2 pair of gloves "Biut" {rElec rF+ rC+ Stlth+}
MR       +++++                  W - +2 pair of boots {run}
Stlth    ..........             H - amulet of Torocez {+Rage +Inv rN+ Dex+4}
HPRegen  0.51/turn              Y - ring "Assiec" {MR+ rCorr Str+4 Int+6}
MPRegen  0.33/turn              Q - ring of Phasing {EV+8}

@: berserking, flying, very slightly contaminated, studying Earth Magic, very
quick
A: big wings, claws 1, iridescent scales 1, blurry vision 1, clumsy 2,
deterioration 2, frail 1, mutation resistance 1, negative energy resistance 1,
electricity resistance, wild magic 1, unbreathing, petrification resistance, rot
immunity, AC +20
}: 4/15 runes: serpentine, barnacled, slimy, silver
a: Stop Flying, Renounce Religion, Evoke Berserk Rage, Evoke Invisibility


You were on level 15 of a ziggurat.
You worshipped Vehumet.
Vehumet was exalted by your worship.
You were not hungry.

You visited 11 branches of the dungeon, and saw 53 of its levels.
You visited 2 ziggurats (completing 1), and saw 42 of their levels.
You also visited: Trove, Ossuary and Volcano.

You collected 16196 gold pieces.
You spent 4775 gold pieces at shops.

Inventory:

Hand Weapons
 c - the +6 quarterstaff of Laceration {venom, +Inv rF+ MR- Dex+4}
   (You took it off a cherub on level 2 of the Depths)

   It poisons the flesh of those it strikes.
   It affects your dexterity (+4).
   It protects you from fire.
   It affects your resistance to hostile enchantments.
   It lets you turn invisible.
 O - the +3 Elemental Staff (weapon) {rElec rF++ rC++ MR++ AC+5}
   (You acquired it on level 4 of the Vaults)

   It affects your AC (+5).
   It greatly protects you from fire.
   It greatly protects you from cold.
   It insulates you from electricity.
   It affects your resistance to hostile enchantments.
Missiles
 R - 2 throwing nets (quivered)
Armour
 k - the +8 faerie dragon scales (worn) {*Slow rC++ rCorr Int+2 SInv}
   (You took it off the Enchantress on level 5 of the Depths)

   It affects your intelligence (+2).
   It greatly protects you from cold.
   It lets you see invisible.
   It provides partial protection from all sources of acid and corrosion.
   It may slow you when you take damage.
 o - the +3 pair of gauntlets of War {Slay+5}
   (You found it on level 13 of a ziggurat)

   It affects your accuracy and damage with ranged weapons and melee attacks
   (+5).
 q - a +2 cloak of invisibility (worn)
 r - the +2 pair of gloves "Biut" (worn) {rElec rF+ rC+ Stlth+}
   (You found it on level 2 of the Vaults)

   It protects you from fire.
   It protects you from cold.
   It insulates you from electricity.
   It makes you more stealthy.
 J - the +0 mask of the Dragon (worn) {MR+ Slay+3 SInv}
   (You found it on level 24 of a ziggurat)

   It affects your accuracy and damage with ranged weapons and melee attacks
   (+3).
   It affects your resistance to hostile enchantments.
   It lets you see invisible.
 W - a +2 pair of boots of running (worn)
Jewellery
 H - the amulet of Torocez (around neck) {+Rage +Inv rN+ Dex+4}
   (You found it on level 15 of a ziggurat)

   [amulet of rage]

   It affects your dexterity (+4).
   It protects you from negative energy.
   It lets you turn invisible.
   It lets you go berserk.
 Q - the ring of Phasing (right hand) {EV+8}
   (You acquired it on level 26 of a ziggurat)

   [ring of evasion]

   It affects your evasion (+8).
 Y - the ring "Assiec" (left hand) {MR+ rCorr Str+4 Int+6}
   (You found it in a treasure trove)

   [ring of resist corrosion]

   It affects your strength (+4).
   It affects your intelligence (+6).
   It affects your resistance to hostile enchantments.
   It provides partial protection from all sources of acid and corrosion.
Wands
 p - a wand of iceblast (35)
 v - a wand of acid (59)
 E - a wand of clouds (7)
Scrolls
 g - 8 scrolls of blinking
 h - 32 scrolls of teleportation
 i - 6 scrolls of holy word
 l - 39 scrolls of remove curse
 n - 8 scrolls of magic mapping
 s - 2 scrolls of identify
 x - 3 scrolls of fear
 A - 9 scrolls of amnesia
 Z - 15 scrolls of fog
Potions
 a - 3 potions of resistance
 b - 6 potions of heal wounds
 e - 2 potions of stabbing
 f - 11 potions of haste
 j - 8 potions of curing
 u - 8 potions of might
 B - 15 potions of mutation
 C - a potion of cancellation
 P - 6 potions of berserk rage
 T - 7 potions of brilliance
Books
 L - a manual of Earth Magic
Miscellaneous
 z - a phial of floods
 I - 12 phantom mirrors
 V - 18 boxes of beasts
Comestibles
 d - 36 rations


   Skills:
 + Level 22.0 Fighting
   Level 14.1(14.8) Maces & Flails
 - Level 7.8(12.0) Staves
 - Level 6.0 Armour
 - Level 15.0 Dodging
 - Level 2.1 Stealth
 + Level 26.4 Spellcasting
 - Level 20.0 Conjurations
 - Level 10.0 Charms
 - Level 20.0 Necromancy
 - Level 10.0 Transmutations
 - Level 22.0 Fire Magic
 + Level 10.7 Ice Magic
 + Level 9.1 Air Magic
 - Level 22.0 Earth Magic
 - Level 10.0 Evocations


You had 4 spell levels left.
You knew the following spells:

 Your Spells              Type           Power        Failure   Level  Hunger
a - Shatter               Erth           #########.   2%          9    ##.....
b - Stone Arrow           Conj/Erth      ######       1%          3    None
c - Lee's Rapid Deconstr  Erth           #########.   1%          5    None
d - Iron Shot             Conj/Erth      #########.   1%          6    None
e - Necromutation         Tmut/Necr      ########..   12%         8    None
f - Death's Door          Chrm/Necr      ########..   12%         8    None
g - Ignition              Fire           #########.   1%          8    None
h - Tornado               Air            ########..   96%         9    ##.....
i - Fire Storm            Conj/Fire      #########.   4%          9    ##.....
j - Absolute Zero         Ice            ########..   86%         9    ##.....

Your spell library contained the following spells:

 Spells                   Type           Power        Failure   Level  Hunger
 Lehudib's Crystal Spear  Conj/Erth      #########.   1%          8    None
 Animate Skeleton         Necr           N/A          1%          1    None
 Apportation              Tloc           ######       1%          1    None
 Beastly Appendage        Tmut           ######       1%          1    None
 Corona                   Hex            ######.      1%          1    None
 Foxfire                  Conj/Fire      ####         1%          1    None
 Infusion                 Chrm           ####         1%          1    None
 Magic Dart               Conj           ####         1%          1    None
 Pain                     Necr           ####         1%          1    None
 Sandblast                Erth           ######       1%          1    None
 Shock                    Conj/Air       ####         1%          1    None
 Sting                    Tmut/Pois      ####         1%          1    None
 Summon Butterflies       Summ           ######..     1%          1    None
 Summon Small Mammal      Summ           ####         1%          1    None
 Blink                    Tloc           N/A          1%          2    None
 Call Imp                 Summ           ######..     1%          2    None
 Corpse Rot               Necr/Air       N/A          1%          2    None
 Ensorcelled Hibernation  Hex/Ice        ######       1%          2    None
 Passwall                 Tmut/Erth      ########     1%          2    None
 Poisonous Vapours        Pois/Air       ######       1%          2    None
 Searing Ray              Conj           ######       1%          2    None
 Shroud of Golubria       Chrm/Tloc      ######       1%          2    None
 Slow                     Hex            ######..     1%          2    None
 Song of Slaying          Chrm           ########     1%          2    None
 Sticks to Snakes         Tmut           ########     1%          2    None
 Swiftness                Chrm/Air       ########     1%          2    None
 Conjure Flame            Conj/Fire      ########     1%          3    None
 Dazzling Flash           Conj/Hex       ######       1%          3    None
 Ignite Poison            Fire/Tmut/Pois ########     1%          3    None
 Inner Flame              Hex/Fire       ########     1%          3    None
 Mephitic Cloud           Conj/Pois/Air  ########     1%          3    None
 Ozocubu's Armour         Chrm/Ice       ########     1%          3    None
 Spectral Weapon          Hex/Chrm       #######.     1%          3    None
 Spider Form              Tmut/Pois      #######...   1%          3    None
 Static Discharge         Conj/Air       ########     1%          3    None
 Vampiric Draining        Necr           ########..   1%          3    None
 Airstrike                Air            ########..   1%          4    None
 Animate Dead             Necr           N/A          1%          4    None
 Dispel Undead            Necr           ########     1%          4    None
 Fulminant Prism          Conj/Hex       ########..   1%          4    None
 Ice Form                 Ice/Tmut       ########     1%          4    None
 Iskenderun's Mystic Bla  Conj/Tloc      ########     1%          4    None
 Leda's Liquefaction      Hex/Erth       ########..   1%          4    None
 Petrify                  Tmut/Erth      ########     1%          4    None
 Sticky Flame             Conj/Fire      ########     1%          4    None
 Summon Ice Beast         Ice/Summ       ########     1%          4    None
 Summon Lightning Spire   Summ/Air       ########     1%          4    None
 Olgreb's Toxic Radiance  Pois           ######..     2%          4    None
 Call Canine Familiar     Summ           ######..     3%          3    None
 Confusing Touch          Hex            ######..     3%          3    None
 Gell's Gravitas          Tloc           ######....   3%          3    None
 Lesser Beckoning         Tloc           ######....   3%          3    None
 Portal Projectile        Hex/Tloc       ######       3%          3    None
 Recall                   Summ/Tloc      N/A          3%          3    None
 Summon Guardian Golem    Hex/Summ       ######..     3%          3    None
 Teleport Other           Tloc           ######..     3%          3    None
 Tukima's Dance           Hex            ######..     3%          3    None
 Cause Fear               Hex            ######....   9%          4    None
 Passage of Golubria      Tloc           N/A          9%          4    None
 Agony                    Necr           ########     1%          5    None
 Blade Hands              Tmut           ########..   1%          5    None
 Bolt of Magma            Conj/Fire/Erth #########.   1%          5    None
 Borgnjor's Vile Clutch   Necr/Erth      #########.   1%          5    None
 Excruciating Wounds      Chrm/Necr      ########..   1%          5    None
 Fireball                 Conj/Fire      #########.   1%          5    None
 Irradiate                Conj/Tmut      ########..   1%          5    None
 Lightning Bolt           Conj/Air       ########..   1%          5    None
 Yara's Violent Unravell  Hex/Tmut       #######...   1%          5    None
 Conjure Ball Lightning   Conj/Air       ########..   1%          6    None
 Death Channel            Necr           ########..   1%          6    None
 Freezing Cloud           Conj/Ice/Air   #########.   1%          6    None
 Ozocubu's Refrigeration  Ice            ########..   1%          6    None
 Simulacrum               Ice/Necr       ########..   1%          6    None
 Starburst                Conj/Fire      #########.   1%          6    None
 Ring of Flames           Chrm/Fire      ########..   1%          7    None
 Borgnjor's Revivificati  Necr           ########..   1%          8    None
 Infestation              Necr           ########..   1%          8    None
 Hydra Form               Tmut           ########..   2%          6    None
 Alistair's Intoxication  Tmut/Pois      #######.     3%          5    None
 Metabolic Englaciation   Hex/Ice        ########..   3%          5    None
 Deflect Missiles         Chrm/Air       ########..   3%          6    None
 Chain Lightning          Conj/Air       ########..   3%          8    None
 Silence                  Hex/Air        ########..   4%          5    None
 Dragon Form              Tmut           ########..   12%         7    None
 Haunt                    Necr/Summ      ########..   12%         7    None
 Eringya's Noxious Bog    Tmut/Pois      #######...   16%         6    None
 Aura of Abjuration       Summ           ######....   21%         5    None
 Summon Demon             Summ           ######....   21%         5    None
 Summon Forest            Summ/Tloc      ######....   21%         5    None
 Summon Mana Viper        Hex/Summ       ######..     21%         5    None
 Darkness                 Hex            ######....   71%         6    None
 Dispersal                Tloc           ######....   71%         6    None
 Invisibility             Hex            ######..     71%         6    None
 Shadow Creatures         Summ           N/A          71%         6    None
 Malign Gateway           Summ/Tloc      ######....   99%         7    None
 Monstrous Menagerie      Summ           ######....   99%         7    None
 Summon Greater Demon     Summ           ######....   99%         7    None
 Summon Hydra             Summ           ######....   99%         7    None
 Controlled Blink         Tloc           N/A          100%        8    None
 Discord                  Hex            ######....   100%        8    None
 Disjunction              Tloc           ######....   100%        8    None
 Summon Horrible Things   Summ           ######....   100%        8    None
 Dragon's Call            Summ           ######....   100%        9    ##.....
 Sublimation of Blood     Necr           Unusable     N/A         2    N/A
 Statue Form              Tmut/Erth      Unusable     N/A         6    N/A

Dungeon Overview and Level Annotations

Branches:
Dungeon (15/15)            Temple (1/1) D:6            Lair (6/6) D:9
 Shoals (4/4) Lair:2        Snake (4/4) Lair:4        Slime (5/5) Lair:5
    Orc (2/2) D:9             Elf (3/3) Orc:2        Vaults (5/5) D:13
  Crypt (3/3) Vaults:2       Tomb (0/3) Crypt:3      Depths (5/5) D:15
    Zot (0/5) Depths:5    Ossuary (visited)         Volcano (visited)

Altars:
Ashenzari
Cheibriados
Dithmenos
Elyvilon
Fedhas
Gozag
Hepliaklqana
Kikubaaqudgha
Makhleb
Nemelex Xobeh
Okawaru
Qazlal
Ru
Sif Muna
Trog
Uskayaw
Vehumet
Wu Jian
Xom
Yredelemnul
Zin
The Shining One
Lugonu

Shops:
D:6 [[   D:8 [   Orc:2 !(:!   Shoals:1 =   Snake:3 !   Vaults:1 [   Vaults:2 *
Vaults:5 *

Portals:
Hell: Depths:1 Depths:2 Depths:3 Depths:4 Depths:5
Abyss: Depths:4
Pandemonium: Depths:3 Depths:4

Annotations:
D:10 3 runed translucent doors, Isemaone's ghost, novice MiFi
Lair:1 exclusion: oklob plant
Lair:3 3 runed translucent doors, Leupn's ghost, journeyman GnSk
Shoals:1 1 transporter
Elf:1 6 runed translucent doors
Elf:2 5 runed translucent doors
Depths:3 1 runed translucent door
Zig:15 Hartz's ghost, legendary GrEE; Rucih's ghost, legendary DsFi


Innate Abilities, Weirdness & Mutations

You are resistant to torment.
Your stone body is resilient. (AC +20)
You are immune to poison.
Your large and strong wings let you fly indefinitely.
You resist negative energy. (rN+)
You are resistant to electric shocks. (rElec)
You can survive without breathing.
You are immune to petrification.
You are immune to rotting.
You have sharp fingernails.
You are partially covered in iridescent scales. (AC +2)
Scrolls take you a little longer to read.
You are very clumsy. (Dex -4)
Your body often deteriorates upon taking damage.
You are frail. (-10% HP)
You are somewhat resistant to further mutation.
Your spells are a little harder to cast, but a little more powerful.


Message History

You barely miss Hartz's ghost.
Hartz's ghost is heavily damaged.
Hartz's ghost gestures at you while chanting.
The iron shot hits you!!!
* * * LOW HITPOINT WARNING * * *
The eldritch tentacle completely misses you.
The eldritch tentacle claws you but does no damage.
Rucih's ghost gestures wildly while chanting.
Rucih's ghost blinks!
You are too berserk!
Unknown command.
You are too berserk!
Unknown command.
You feel a strong urge to attack something.
The eldritch tentacle completely misses you.
The eldritch tentacle closely misses you.
Hartz's ghost casts a spell at you.
A raging storm of fire appears!
The great blast of fire engulfs you!! You partially resist.
You die...

▓▓ ▓▓▓▓▓▓.▓▓▓▓▓
▓▓▓...........
▓▓▓.............
▓▓...............#...▓▓
▓▓...#..@w.W......#....▓
▓.........*§...)....°...
▓▓.............W.....°...
▓......................?|
▓....................°6))
▓▓..................[.°°|°
▓..∩................°○○W°>
▓▓.....................}=∩
▓.....................}![


You could see an eldritch tentacle, Hartz's ghost and Rucih's ghost.

Vanquished Creatures
  Dissolution (Slime:2)
  the Royal Jelly (Slime:5)
  The ghost of Acwon the Wrestler, a legendary TrMo of Okawaru (Depths:3)
  The ghost of Umoqal the Sorcerer, a legendary DEEE of Vehumet (Zig:15)
  6 orbs of fire (Zig:17)
  Mennas (Depths:2)
  The ghost of Garop the Evocator, a legendary DDFi of Makhleb (Zig:15)
  Mara (Shoals:4)
  The ghost of Tieschogg the Conqueror, a legendary DsFi of Okawaru (Zig:15)
  18 juggernauts
  2 ancient liches
  25 greater mummies
  The ghost of will825x the Metallomancer, a veteran OpEE of Vehumet (Zig:15)
  Saint Roka (Depths:2)
  Margery (Depths:5)
  The ghost of Ereufydu the Archmage, a legendary VSGl of Wu Jian (Zig:15)
  A caustic shrike (shapeshifter) (Zig:7)
  4 Killer Klowns
  Bai Suzhen (Vaults:2)
  The ghost of Ihoic the Archmage, a legendary SpEn of Dithmenos (Zig:15)
  Xtahua (Vaults:5)
  12 golden dragons
  A curse toe (Zig:15)
  Jory (Depths:5)
  the Enchantress (Depths:5)
  A profane servitor (Crypt:3)
  4 bone dragons
  2 pandemonium lords
  A Tzitzimitl (Zig:12)
  3 Brimstone Fiends
  Jorgrun (D:15)
  The ghost of Viusuagh the Fencer, an adept MiSk of Cheibriados (Vaults:2)
  10 liches
  2 hellephants (Zig:8)
  12 tentacled monstrosities
  An Ice Fiend (Zig:9)
  Rupert (Snake:1)
  A Hell Sentinel (Zig:12)
  Asterion (Elf:1)
  2 deep elf blademasters (Elf:3)
  3 Executioners (Zig:12)
  6 titans
  2 deep elf master archers (Elf:3)
  24 acid blobs
  A thorn hunter (Zig:22)
  6 sphinxes
  3 tentacled starspawn (Zig:23)
  Kirke (Lair:6)
  A shadow dragon (shapeshifter) (Zig:7)
  3 storm dragons
  3 krakens
  7 ancient champions
  10 tengu reavers
  11 shadow dragons
  16 draconian monks
  13 nagarajas
  12 fire giants
  10 revenants
  The ghost of Snarbu88 the Bludgeoner, an adept GrBe of Trog (Shoals:2)
  3 daevas (Depths:2)
  16 azure jellies
  An azure jelly (shapeshifter) (Zig:9)
  9 frost giants
  An iron dragon (shapeshifter) (Depths:3)
  28 vault wardens
  27 orc warlords
  17 balrugs
  19 draconian knights
  6 deep elf sorcerers
  A caustic shrike zombie (Zig:20)
  Aizul (Snake:4)
  18 draconian shifters
  8 deep elf elementalists
  A warmonger (Zig:12)
  7 curse skulls
  6 ghouls
  5 black suns
  19 draconian scorchers
  5 reapers
  2 iron dragons
  An emperor scorpion (Zig:16)
  16 draconian annihilators
  26 draconian stormcallers
  4 ghost moths
  6 spriggan defenders
  3 war gargoyles (Vaults:5)
  4 angels
  2 juggernaut skeletons (Zig:9)
  32 very ugly things
  2 caustic shrike skeletons
  33 stone giants
  3 entropy weavers
  27 ironheart preservers
  Nessos (D:15)
  6 corrupters
  7 vampire knights
  Azrael (Elf:1)
  2 lorocyprocas (Zig:12)
  2 bennus (Zig:25)
  A dire elephant (shapeshifter) (Zig:7)
  15 deep elf demonologists
  9 deep elf annihilators
  13 green draconians
  11 yellow draconians
  18 red draconians
  9 spark wasps
  11 white draconians
  8 black draconians
  15 purple draconians
  9 merfolk javelineers
  16 eidola
  19 deep elf death magi
  14 ettins
  11 green deaths
  2 blizzard demons (Zig:12)
  4 death oozes
  22 mummy priests
  30 yaktaur captains
  17 jiangshi
  10 merfolk impalers
  Josephine (Snake:1)
  8 rakshasas
  A quicksilver dragon skeleton (Zig:14)
  15 fire dragons
  2 deep elf high priests (Elf:1)
  17 naga warriors
  12 ice dragons
  19 great orbs of eyes
  A hell beast (Zig:12)
  43 vault guards
  12 hydras
  9 centaur warriors
  4 alligator snapping turtles
  16 merfolk aquamancers
  6 ghost crabs
  An anaconda (shapeshifter) (Zig:7)
  12 death knights
  8 shambling mangroves
  62 two-headed ogres
  22 ogre magi
  An alligator (Zig:22)
  3 merfolk avatars
  12 anacondas
  9 spriggan air magi
  13 death scarabs
  5 two-headed ogres (shapeshifter)
  17 dancing weapons
  4 tengu warriors
  10 vampire magi
  2 satyrs (Shoals:4)
  2 hell hogs
  9 deep troll earth magi
  9 deep troll shamans
  9 spriggan berserkers
  4 death yaks (Lair:6)
  7 shock serpents
  A titan zombie (Zig:14)
  18 naga sharpshooters
  18 orc high priests
  6 thrashing horrors
  4 soul eaters
  30 deep elf knights
  A storm dragon zombie (Crypt:1)
  13 hell knights
  3 wretched stars
  A fire crab (shapeshifter) (Vaults:5)
  2 salamander mystics
  2 storm dragon skeletons (Zig:20)
  6 cherubim (Depths:2)
  4 sixfirhies
  4 unseen horrors
  12 shadow wraiths
  28 skeletal warriors
  3 fire crabs (Zig:17)
  24 iron trolls
  27 deep trolls
  13 sea snakes
  A spark wasp zombie (Zig:9)
  An infernal demonspawn (Depths:4)
  A shadow demon (Zig:7)
  20 flayed ghosts
  A sea snake (shapeshifter) (Depths:5)
  9 swamp dragons
  4 shadow dragon zombies
  A deep troll (shapeshifter) (Zig:13)
  6 death drakes (Zig:22)
  6 wizards
  2 obsidian statues (Zig:11)
  7 spatial maelstroms
  2 spriggan druids (Zig:22)
  A ghost moth zombie (Crypt:3)
  A kraken simulacrum (Shoals:4)
  20 ironbrand convokers
  5 glowing orange brains
  An unseen horror (shapeshifter) (Depths:5)
  31 deep elf archers
  4 lindwurms (D:15)
  8 naga ritualists
  2 tengu zombies
  14 phantasmal warriors
  39 harpies
  63 deep elf magi
  17 mana vipers
  4 orange crystal statues
  6 necromancers
  An iron dragon zombie (Crypt:1)
  3 orb spiders
  6 shining eyes
  A frost giant zombie (Zig:9)
  A wolf spider (Vaults:1)
  A moth of wrath (shapeshifter) (Zig:18)
  15 orc knights
  2 sphinx skeletons (Zig:14)
  3 mana vipers (shapeshifter)
  A spectral ice dragon (Crypt:3)
  9 cyclopes
  2 worldbinders
  9 fauns
  A faun (shapeshifter) (Zig:18)
  60 ugly things
  A sphinx zombie (Zig:25)
  12 manticores
  17 salamanders
  19 orc sorcerers
  A frost giant skeleton (Zig:9)
  6 apocalypse crabs
  8 elephants
  2 iron dragon skeletons
  A spriggan zombie (Zig:25)
  A cyclops (shapeshifter) (Depths:3)
  18 naga magi
  40 black mambas
  A black mamba (shapeshifter) (Zig:13)
  A molten gargoyle (Volcano)
  8 elf zombies
  A fire giant skeleton (Zig:9)
  8 moths of wrath
  2 eyes of devastation
  2 ice statues
  25 vault sentinels
  10 guardian serpents
  10 smoke demons
  An orange demon (Zig:12)
  8 merfolk sirens
  7 water nymphs
  A water nymph (shapeshifter) (Depths:5)
  A titan simulacrum (Zig:25)
  An eye of devastation (shapeshifter) (Elf:1)
  25 spiny frogs
  A torpor snail (Zig:6)
  A spriggan skeleton (Zig:14)
  A kobold demonologist (D:11)
  66 yaktaurs
  3 rime drakes
  A demonic crawler (Zig:6)
  10 hellions
  7 efreet
  12 freezing wraiths
  3 tormentors
  8 komodo dragons
  2 hellwings
  A pale draconian skeleton (Crypt:2)
  31 guardian mummies
  7 ancient zymes
  An iron troll zombie (Crypt:1)
  5 red devils
  17 small abominations
  2 tengu conjurers
  14 trolls
  A merfolk (shapeshifter) (Zig:18)
  2 meliai
  6 wind drakes
  27 hornets
  A troll (shapeshifter) (Depths:4)
  4 polar bears
  6 tyrant leeches
  27 merfolk
  2 meliai (shapeshifter)
  Prince Ribbit (D:6)
  3 raiju
  9 blink frogs
  63 slime creatures
  A fire dragon zombie (Crypt:1)
  12 dream sheep
  A meliai zombie (D:12)
  12 snapping turtles
  A dream sheep (shapeshifter) (Zig:18)
  7 hippogriffs
  A stone giant simulacrum (Crypt:3)
  67 flying skulls
  2 redbacks (shapeshifter)
  83 orc warriors
  A tarantella (shapeshifter) (D:14)
  2 tarantellas (Zig:6)
  5 redbacks
  15 ushabtiu
  5 shadows
  6 ynoxinuls
  19 spriggans
  24 water elementals
  A spriggan (shapeshifter) (D:13)
  22 wraiths
  2 air elementals
  A hog (shapeshifter) (Vaults:2)
  22 yaks
  7 basilisks
  8 golden eyes
  A golden eye (shapeshifter) (Vaults:1)
  5 wyverns
  17 large abominations
  6 fire bats (Volcano)
  A basilisk (shapeshifter) (Depths:5)
  8 fire elementals
  6 chaos spawn
  3 hungry ghosts
  A black mamba skeleton (Crypt:1)
  A warg (shapeshifter) (Vaults:3)
  5 elf skeletons
  10 neqoxecs
  An insubstantial wisp (Zig:22)
  22 vampire mosquitoes
  2 soldier ants
  47 nagas
  11 wargs
  A faun zombie (Crypt:2)
  An acid dragon (Vaults:1)
  13 water moccasins
  15 hell hounds
  A swamp drake (Zig:4)
  A hydra simulacrum (Crypt:1)
  3 sky beasts
  Duvessa (D:5)
  4 floating eyes
  6 porcupines
  4 black bears (Lair:6)
  A meliai simulacrum (D:15)
  15 necrophages
  2 torturous demonspawn skeletons (Crypt:1)
  16 starcursed masses
  An ice beast (shapeshifter) (Vaults:1)
  3 ice beasts
  A fire dragon simulacrum (Crypt:1)
  A phantom (D:7)
  5 eyes of draining
  22 boggarts
  72 ogres
  22 centaurs
  25 wolves
  18 crocodiles
  A hog skeleton (Crypt:1)
  15 big kobolds
  16 bullfrogs
  4 gnoll sergeants
  A wyvern zombie (D:9)
  2 earth elementals
  Dowan (D:5)
  A hippogriff skeleton (Crypt:1)
  A water moccasin zombie (D:10)
  2 water moccasin skeletons
  4 scorpions
  16 wights
  A yak zombie (Crypt:1)
  11 killer bees
  An orc simulacrum (Vaults:1)
  A human simulacrum (Vaults:1)
  6 electric eels
  3 howler monkeys
  6 lava snakes
  9 crimson imps
  A wolf skeleton (Crypt:2)
  2 centaur zombies
  4 bullfrog zombies
  6 jellies
  A bullfrog skeleton (D:13)
  10 hounds
  30 orc priests
  An iron imp (Depths:4)
  3 iguanas
  Jessica (D:2)
  Ijyb (D:5)
  Terence (D:2)
  A basilisk skeleton (Crypt:2)
  6 worker ants
  28 orc wizards
  An ogre zombie (Crypt:1)
  A felid zombie (Crypt:2)
  A felid skeleton (Crypt:1)
  2 hound zombies
  65 mummies
  A howler monkey zombie (Crypt:2)
  A worker ant zombie (D:10)
  17 gnolls
  A howler monkey skeleton (D:4)
  12 adders
  A swamp drake skeleton (Crypt:2)
  2 shadow imps
  A white imp (Depths:3)
  2 adder skeletons
  An adder zombie (D:6)
  A worm (D:2)
  A barachi skeleton (Crypt:1)
  A dart slug (D:1)
  4 leopard geckos
  120 orcs
  A ball python (D:1)
  5 giant cockroaches
  A gnoll zombie (Ossuary)
  6 goblins
  6 hobgoblins
  6 jackals
  8 kobolds
  5 quokkas
  6 bats
  5 frilled lizards
  A goblin zombie (Crypt:1)
  2 hobgoblin zombies (Ossuary)
  2 kobold zombies (Ossuary)
  3 orc zombies (Ossuary)
  A quokka skeleton (D:6)
  7 rats
  11 crawling corpses (Vaults:5)
  107 fire vortices
  5 plants
  A starspawn tentacle (Zig:23)
  7 tentacles
3844 creatures vanquished.

Vanquished Creatures (collateral kills)
  A greater mummy (Zig:20)
  A caustic shrike (Depths:3)
  Vashnia (Snake:4)
  2 acid blobs (Zig:11)
  An azure jelly (Slime:5)
  A fire giant (Zig:17)
  A draconian knight (Zig:27)
  A draconian stormcaller (Zig:27)
  A naga warrior (Snake:4)
  A monstrous demonspawn (Depths:4)
  A quicksilver dragon skeleton (Zig:25)
  A shambling mangrove (Zig:5)
  A death scarab (Zig:14)
  A salamander (Snake:4)
  A sphinx skeleton (Zig:14)
  A naga mage (Snake:4)
  A golden dragon simulacrum (Zig:20)
  A hornet (Zig:4)
  A slime creature (Slime:2)
  A fire elemental (Elf:1)
  A naga (Snake:4)
  A hell hound (Elf:1)
  An ice beast (D:10)
  An eye of draining (Zig:11)
  A necrophage (D:7)
  An orc priest (D:8)
  2 mummies (Zig:20)
  3 orcs
32 creatures vanquished.

Vanquished Creatures (others)
  Nikola (Elf:3)
  A hell hog (Zig:14)
  A flayed ghost (Zig:13)
  2 hell hounds (Elf:1)
  An orc (Orc:1)
  169 fire vortices
  7 fungi
  23 plants
  A starspawn tentacle (Zig:23)
  19 tentacles
225 creatures vanquished.

Grand Total: 4101 creatures vanquished

Notes
Turn   | Place    | Note
-------+----------+-------------------------------------------
     0 | D:1      | Hartz the Gargoyle Earth Elementalist began the quest for
                  | the Orb.
     0 | D:1      | Reached XP level 1. HP: 10/10 MP: 3/3
     6 | D:1      | Noticed a rime drake
     6 | D:1      | Noticed a polar bear
     6 | D:1      | Noticed a lindwurm
     6 | D:1      | Noticed a komodo dragon
   124 | D:1      | Reached XP level 2. HP: 13/15 MP: 5/5
   796 | D:2      | Reached XP level 3. HP: 19/19 MP: 2/7
   801 | D:2      | Learned a level 3 spell: Stone Arrow
   853 | D:2      | Noticed Jessica
   859 | D:2      | Killed Jessica
   859 | D:2      | Reached skill level 3 in Spellcasting
   859 | D:2      | Reached XP level 4. HP: 17/24 MP: 1/8
   962 | D:2      | Reached skill level 1 in Conjurations
  1016 | D:2      | Noticed Terence
  1025 | D:2      | Killed Terence
  1419 | D:3      | Reached skill level 5 in Earth Magic
  1423 | D:3      | Reached XP level 5. HP: 26/28 MP: 1/10
  1430 | D:3      | Learned a level 5 spell: Lee's Rapid Deconstruction
  1944 | D:3      | Found a shadowy altar of Dithmenos,
  2319 | D:3      | Found a shimmering altar of Xom,
  2319 | D:3      | Found a burning altar of Makhleb,
  2319 | D:3      | Found an iron altar of Okawaru,
  2323 | D:3      | Reached XP level 6. HP: 16/32 MP: 8/11
  2328 | D:3      | Found an opulent altar of Gozag,
  2838 | D:4      | Found a sand-covered staircase,
  2847 | Ossuary  | Entered an ossuary
  3227 | Ossuary  | Reached skill level 4 in Spellcasting
  3809 | D:4      | Reached XP level 7. HP: 29/36 MP: 13/13
  3937 | D:4      | Found a glowing golden altar of the Shining One,
  4208 | D:5      | Entered Level 5 of the Dungeon
  4459 | D:5      | Noticed Duvessa
  4464 | D:5      | Noticed Dowan
  4478 | D:5      | Killed Duvessa
  4486 | D:5      | Killed Dowan
  4486 | D:5      | Reached skill level 1 in Fighting
  4486 | D:5      | Reached skill level 1 in Armour
  4486 | D:5      | Reached XP level 8. HP: 43/43 MP: 2/15
  4597 | D:5      | Reached skill level 1 in Maces & Flails
  4605 | D:5      | Reached skill level 5 in Spellcasting
  4605 | D:5      | Reached skill level 1 in Evocations
  4725 | D:5      | Found a sparkling altar of Nemelex Xobeh,
  4758 | D:5      | Noticed Ijyb
  4776 | D:5      | Killed Ijyb
  5044 | D:5      | Found an ornate altar of the Wu Jian Council,
  5209 | D:5      | Reached skill level 5 in Conjurations
  5532 | D:6      | Noticed Prince Ribbit
  5551 | D:6      | Killed Prince Ribbit
  5664 | D:6      | Found a staircase to the Ecumenical Temple,
  5671 | D:6      | Reached XP level 9. HP: 49/49 MP: 17/17
  5685 | Temple   | Entered the Ecumenical Temple
  5921 | D:6      | Found Mysixuh's Armour Shop,
  5954 | D:6      | Gained mutation: You are frail. (-10% HP) [potion of
                  | mutation]
  5954 | D:6      | Gained mutation: You are partially covered in yellow
                  | scales. (AC +2) [potion of mutation]
  5999 | D:6      | Found Tibranent's Armour Shop,
  6005 | D:6      | Bought a +0 helmet of see invisible for 149 gold pieces
  6818 | D:6      | Found a burning altar of Makhleb,
  6916 | D:7      | Reached skill level 6 in Spellcasting
  6916 | D:7      | Reached XP level 10. HP: 39/50 MP: 13/19
  7906 | D:8      | Noticed a two-headed ogre
  7912 | D:8      | Killed a two-headed ogre
  7951 | D:8      | Found Foemuwutz's Antique Armour Shop,
  8744 | D:9      | Reached skill level 5 in Armour
  8800 | D:9      | Found a radiant altar of Vehumet,
  8808 | D:9      | Became a worshipper of Vehumet
  8875 | D:9      | Reached skill level 5 in Fighting
  8934 | D:9      | Found a staircase to the Orcish Mines,
  8952 | D:9      | Reached XP level 11. HP: 39/57 MP: 0/20
  9029 | D:9      | Reached skill level 5 in Maces & Flails
  9226 | D:9      | Reached * piety under Vehumet
  9226 | D:9      | Offered knowledge of Shock by Vehumet.
  9640 | D:9      | Found a staircase to the Lair,
  9824 | D:10     | Entered Level 10 of the Dungeon
  9919 | D:10     | Found a runed translucent gate,
  9919 | D:10     | Found a runed translucent gate,
  9919 | D:10     | Found a runed translucent gate,
  9919 | D:10     | Noticed a white ugly thing
  9933 | D:10     | Noticed a cyan ugly thing
  9934 | D:10     | Noticed a brown ugly thing
  9936 | D:10     | Noticed a white ugly thing
  9947 | D:10     | Reached skill level 7 in Spellcasting
  9948 | D:10     | Reached skill level 5 in Evocations
  9951 | D:10     | Reached skill level 5 in Dodging
  9981 | D:10     | Noticed a two-headed hydra
  9989 | D:10     | Killed a two-headed hydra
  9989 | D:10     | Reached ** piety under Vehumet
  9994 | D:10     | Offered knowledge of Freeze by Vehumet.
 10655 | D:10     | Noticed a stone giant
 10658 | D:10     | Noticed a deep elf mage
 10672 | D:10     | Killed a deep elf mage
 10955 | D:11     | Noticed a sun demon
 10989 | D:11     | Reached skill level 10 in Earth Magic
 10996 | D:11     | Offered knowledge of Inner Flame by Vehumet.
 11295 | D:11     | Reached XP level 12. HP: 63/63 MP: 23/23
 11493 | D:11     | Noticed a two-headed ogre
 11497 | D:11     | Killed a two-headed ogre
 11582 | D:11     | Reached *** piety under Vehumet
 12488 | D:12     | Offered knowledge of Sticky Flame by Vehumet.
 12855 | D:12     | Noticed a five-headed hydra
 12856 | D:12     | Noticed a two-headed ogre
 12857 | D:12     | Killed a five-headed hydra
 12858 | D:12     | Reached skill level 8 in Spellcasting
 12861 | D:12     | Killed a two-headed ogre
 13022 | D:12     | Learned a level 3 spell: Mephitic Cloud
 13529 | D:13     | Found a gate to the Vaults,
 13529 | D:13     | Noticed an ironheart preserver
 13557 | D:13     | Reached **** piety under Vehumet
 13558 | D:13     | Killed an ironheart preserver
 13611 | D:13     | Reached XP level 13. HP: 67/70 MP: 9/25
 13627 | D:13     | Offered knowledge of Hailstorm by Vehumet.
 14836 | D:14     | Found a sacrificial altar of Ru,
 15240 | Lair:1   | Entered Level 1 of the Lair of Beasts
 15283 | Lair:1   | Found a stormy altar of Qazlal,
 15422 | Lair:1   | Found a gate leading to a gauntlet,
 15454 | Lair:1   | Reached ***** piety under Vehumet
 15534 | Lair:1   | Offered knowledge of Ozocubu's Refrigeration by Vehumet.
 15942 | Lair:2   | HP: 3/71 [black mamba (3)]
 15944 | Lair:2   | Reached skill level 10 in Conjurations
 16363 | Lair:2   | Found a staircase to the Shoals,
 16476 | Lair:2   | Reached skill level 9 in Spellcasting
 17144 | Lair:3   | Learned a level 5 spell: Irradiate
 17145 | Lair:3   | Found a runed translucent gate,
 17146 | Lair:3   | Found a runed translucent gate,
 17147 | Lair:3   | Found a runed translucent gate,
 17148 | Lair:3   | You fall into a shaft and drop 3 floors!
 17148 | Lair:6   | Entered Level 6 of the Lair of Beasts
 17373 | Lair:5   | Gained mutation: Your large and strong wings let you fly
                  | indefinitely. [Gargoyle growth]
 17373 | Lair:5   | Reached XP level 14. HP: 77/77 MP: 22/27
 17620 | Lair:4   | Found a staircase to the Snake Pit,
 17647 | Lair:4   | Found a dark tunnel,
 17656 | Volcano  | Entered a volcano
 17939 | Volcano  | Found a bloodstained altar of Trog,
 18241 | Lair:3   | Noticed Leupn's ghost (journeyman GnSk)
 18289 | Lair:3   | You are sucked into a shaft and drop 2 floors!
 18790 | Lair:3   | Found a sacrificial altar of Ru,
 19280 | Lair:4   | Offered knowledge of Orb of Destruction by Vehumet.
 19352 | Lair:4   | Learned a level 7 spell: Orb of Destruction
 20002 | Lair:5   | Found a staircase to the Slime Pits,
 20387 | Lair:6   | Reached skill level 10 in Fighting
 20715 | D:10     | Killed a stone giant
 21265 | D:10     | Found a runed translucent gate,
 21265 | D:10     | Found a runed translucent gate,
 21268 | D:10     | Noticed Isemaone's ghost (novice MiFi)
 21277 | D:10     | Found a runed translucent gate,
 21510 | Lair:6   | Reached skill level 10 in Spellcasting
 21860 | Lair:6   | Reached XP level 15. HP: 37/83 MP: 29/29
 22221 | Lair:6   | Noticed Kirke
 22232 | Lair:6   | Noticed a sphinx
 22232 | Lair:6   | Killed Kirke
 22378 | Lair:6   | Reached skill level 10 in Maces & Flails
 23248 | Orc:1    | Entered Level 1 of the Orcish Mines
 23260 | Orc:1    | Offered knowledge of Iron Shot by Vehumet.
 23271 | Orc:1    | Learned a level 6 spell: Iron Shot
 23562 | Orc:2    | Entered Level 2 of the Orcish Mines
 23562 | Orc:2    | Found a staircase to the Elven Halls,
 23708 | Orc:1    | Found Nigywemp's Food Shoppe,
 24066 | Orc:1    | Noticed an orc warlord
 24078 | Orc:1    | Killed an orc warlord
 24788 | Orc:2    | Found Kirun's Distillery,
 24788 | Orc:2    | Found Yluloch's Weapon Shoppe,
 24788 | Orc:2    | Found Izxiejac's Book Shoppe,
 24788 | Orc:2    | Found Ysetiy's Distillery,
 24893 | Orc:2    | Bought a potion of invisibility for 104 gold pieces
 25166 | Orc:2    | Offered knowledge of Yara's Violent Unravelling by Vehumet.
 25419 | Orc:2    | Bought 2 potions of might for 104 gold pieces
 25419 | Orc:2    | Bought a potion of might for 52 gold pieces
 25419 | Orc:2    | Bought a potion of brilliance for 52 gold pieces
 25419 | Orc:2    | Bought a potion of curing for 39 gold pieces
 25419 | Orc:2    | Bought a potion of curing for 39 gold pieces
 25419 | Orc:2    | Bought a potion of curing for 39 gold pieces
 25419 | Orc:2    | Bought 2 potions of haste for 260 gold pieces
 25419 | Orc:2    | Bought a potion of mutation for 104 gold pieces
 25420 | Orc:2    | Bought a book of Fire for 910 gold pieces
 25426 | Orc:2    | Learned a level 5 spell: Fireball
 25427 | Orc:2    | Bought a potion of ambrosia for 120 gold pieces
 25427 | Orc:2    | Bought a potion of brilliance for 60 gold pieces
 25427 | Orc:2    | Bought a potion of resistance for 150 gold pieces
 25427 | Orc:2    | Bought 2 potions of brilliance for 120 gold pieces
 25427 | Orc:2    | Bought a potion of heal wounds for 75 gold pieces
 25607 | D:15     | Entered Level 15 of the Dungeon
 25607 | D:15     | Noticed Nessos
 25610 | D:15     | Reached skill level 1 in Fire Magic
 26067 | D:15     | Noticed Jorgrun
 26078 | D:15     | Killed Jorgrun
 26078 | D:15     | Reached XP level 16. HP: 46/90 MP: 25/30
 26342 | D:15     | Killed Nessos
 26342 | D:15     | Reached skill level 5 in Fire Magic
 26498 | D:15     | Found a staircase to the Depths,
 26667 | D:15     | Identified the +5 falchion of Gyifeh {freeze, MP+9 Str+3}
                  | (You found it on level 15 of the Dungeon)
 27403 | Snake:1  | Entered Level 1 of the Snake Pit
 27403 | Snake:1  | Noticed Rupert
 27462 | Shoals:1 | Entered Level 1 of the Shoals
 28256 | Shoals:1 | Found a transporter,
 28364 | Shoals:1 | Found Neupto's Jewellery Boutique,
 28503 | Shoals:1 | Found Bopur's Food Shop,
 29464 | Shoals:2 | You are sucked into a shaft and drop 1 floor!
 29932 | Shoals:2 | Reached skill level 10 in Fire Magic
 30198 | Shoals:2 | Noticed a kraken
 30206 | Shoals:2 | Killed a kraken
 30253 | Shoals:2 | Offered knowledge of Conjure Ball Lightning by Vehumet.
 30569 | Shoals:2 | Found a runed translucent gate,
 30570 | Shoals:2 | Found a runed translucent gate,
 30572 | Shoals:2 | Found a runed translucent gate,
 30607 | Shoals:2 | Noticed Snarbu88's ghost (adept GrBe)
 31899 | Shoals:3 | Noticed a kraken
 31947 | Shoals:3 | Killed a kraken
 32082 | Shoals:3 | Reached XP level 17. HP: 82/93 MP: 31/31
 32395 | Shoals:4 | Entered Level 4 of the Shoals
 32398 | Shoals:3 | Reached XP level 18. HP: 99/99 MP: 32/32
 32399 | Shoals:3 | Reached XP level 19. HP: 103/103 MP: 33/33
 32540 | Elf:1    | Entered Level 1 of the Elven Halls
 32540 | Elf:1    | Noticed Azrael
 32863 | Elf:1    | Killed Azrael
 33046 | Elf:1    | Noticed Asterion
 33055 | Elf:1    | Killed Asterion
 33246 | Elf:1    | Identified the +2 leather armour of Imperfection {rCorr
                  | Str+5 Int-4 SInv}
 33290 | Elf:1    | Reached skill level 15 in Fire Magic
 33356 | Elf:1    | Found a runed translucent gate,
 33356 | Elf:1    | Found a runed translucent gate,
 33356 | Elf:1    | Found a runed translucent gate,
 33356 | Elf:1    | Found a runed translucent gate,
 33356 | Elf:1    | Found a runed translucent gate,
 33360 | Elf:1    | Found a runed translucent gate,
 33456 | Elf:1    | Identified the cursed +0 hat of the Albatross {rF+} (You
                  | found it on level 1 of the Elven Halls)
 33503 | Elf:1    | Offered knowledge of Spellforged Servitor by Vehumet.
 33817 | Elf:1    | Identified the +3 leather armour "Itimij" {rF+ Dex+4
                  | Slay+2} (You found it on level 1 of the Elven Halls)
 35259 | Elf:2    | Reached skill level 11 in Spellcasting
 35479 | Elf:2    | Found a huge runed translucent gate,
 35479 | Elf:2    | Found a huge runed translucent gate,
 35479 | Elf:2    | Found a huge runed translucent gate,
 35480 | Elf:2    | Found a huge runed translucent gate,
 35481 | Elf:2    | Found a huge runed translucent gate,
 35615 | Elf:2    | Learned a level 8 spell: Ignition
 35786 | Elf:3    | Entered Level 3 of the Elven Halls
 35881 | Elf:3    | Noticed a Hell Sentinel
 36234 | Elf:3    | Noticed Nikola
 36249 | Elf:3    | Killed Nikola
 36717 | Elf:3    | Reached XP level 20. HP: 78/108 MP: 21/35
 37133 | Elf:3    | Identified the +7 dagger of Flawed Execution {vorpal,
                  | *Contam rF+ Str+9}
 37967 | Elf:3    | Reached skill level 10 in Dodging
 37984 | Elf:3    | Identified the +1 battleaxe of Iconoclasm {freeze, *Drain
                  | rElec MR- Int+3}
 38137 | Elf:3    | Identified the Reference Book on Cold and Confrontation
 38167 | Elf:3    | Identified the Tome of Dislocated Confrontation
 38178 | Elf:3    | Identified a +2 pair of boots of running (You found it on
                  | level 3 of the Elven Halls)
 39002 | Shoals:4 | Noticed Mara
 39004 | Shoals:4 | Noticed Hartz's illusion
 39031 | Shoals:4 | Killed Mara
 39417 | Shoals:4 | Offered knowledge of Conjure Ball Lightning by Vehumet.
 39452 | Shoals:4 | Reached skill level 15 in Earth Magic
 40192 | Shoals:4 | Got a barnacled rune of Zot
 40399 | Shoals:4 | Reached XP level 21. HP: 87/115 MP: 9/36
 40973 | Snake:1  | Killed Rupert
 40990 | Lair:4   | Reached skill level 12 in Spellcasting
 41147 | Snake:1  | Found a hazy altar of Hepliaklqana,
 41505 | Snake:1  | Reached ****** piety under Vehumet
 41592 | Snake:1  | Noticed Josephine
 41603 | Snake:1  | Killed Josephine
 41994 | Snake:1  | Offered knowledge of Lehudib's Crystal Spear by Vehumet.
 41994 | Snake:1  | Offered knowledge of Fire Storm by Vehumet.
 41994 | Snake:1  | Offered knowledge of Shatter by Vehumet.
 44417 | Snake:3  | Found Romy's Distillery,
 44421 | Snake:3  | Bought a potion of curing for 42 gold pieces
 44421 | Snake:3  | Bought a potion of mutation for 112 gold pieces
 44421 | Snake:3  | Bought a potion of brilliance for 56 gold pieces
 44421 | Snake:3  | Bought a potion of magic for 112 gold pieces
 44421 | Snake:3  | Bought a potion of resistance for 140 gold pieces
 44421 | Snake:3  | Bought a potion of curing for 42 gold pieces
 44421 | Snake:3  | Bought a potion of berserk rage for 70 gold pieces
 44969 | Snake:4  | Entered Level 4 of the Snake Pit
 45021 | Snake:4  | Reached XP level 22. HP: 98/122 MP: 38/38
 45035 | Snake:4  | Noticed Aizul
 45038 | Snake:4  | Killed Aizul
 45040 | Snake:4  | Noticed Vashnia
 45407 | Snake:4  | Killed Vashnia
 45908 | Snake:4  | Got a serpentine rune of Zot
 46526 | Vaults:1 | Entered Level 1 of the Vaults
 47091 | Vaults:1 | Lost mutation: You are frail. (-10% HP) [potion of
                  | mutation]
 47091 | Vaults:1 | Lost mutation: You are partially covered in yellow scales.
                  | (AC +2) [potion of mutation]
 47091 | Vaults:1 | Gained mutation: You have large cloven feet. [potion of
                  | mutation]
 47091 | Vaults:1 | Gained mutation: You have a pair of small horns on your
                  | head. [potion of mutation]
 47092 | Vaults:1 | Lost mutation: You have large cloven feet. [potion of
                  | mutation]
 47092 | Vaults:1 | Lost mutation: You have a pair of small horns on your head.
                  | [potion of mutation]
 47092 | Vaults:1 | Gained mutation: You have a pair of small antennae on your
                  | head. [potion of mutation]
 47092 | Vaults:1 | Gained mutation: You expend magic power (3 MP) to
                  | strengthen your wands. [potion of mutation]
 47092 | Vaults:1 | Gained mutation: You do not regenerate when monsters are
                  | visible. [potion of mutation]
 47092 | Vaults:1 | Gained mutation: You are resistant to hostile enchantments.
                  | (MR+) [potion of mutation]
 47093 | Vaults:1 | Lost mutation: You expend magic power (3 MP) to strengthen
                  | your wands. [potion of mutation]
 47093 | Vaults:1 | Lost mutation: You do not regenerate when monsters are
                  | visible. [potion of mutation]
 47093 | Vaults:1 | Lost mutation: You are resistant to hostile enchantments.
                  | (MR+) [potion of mutation]
 47093 | Vaults:1 | Gained mutation: You are partially covered in large bone
                  | plates. (SH +4) [potion of mutation]
 47093 | Vaults:1 | Gained mutation: Your spells are a little easier to cast,
                  | but a little less powerful. [potion of mutation]
 47093 | Vaults:1 | Gained mutation: Your mind is acute. (Int +2) [potion of
                  | mutation]
 47094 | Vaults:1 | Lost mutation: Your mind is acute. (Int +2) [potion of
                  | mutation]
 47094 | Vaults:1 | Lost mutation: Your spells are a little easier to cast, but
                  | a little less powerful. [potion of mutation]
 47094 | Vaults:1 | Gained mutation: You are partially covered in yellow
                  | scales. (AC +2) [potion of mutation]
 47094 | Vaults:1 | Gained mutation: You have supernaturally acute eyesight.
                  | (SInv) [potion of mutation]
 47094 | Vaults:1 | Gained mutation: You are clumsy. (Dex -2) [potion of
                  | mutation]
 47094 | Vaults:1 | Gained mutation: Your muscles are strong. (Str +2) [potion
                  | of mutation]
 47181 | Vaults:1 | Found Coohipniu's Antique Armour Shop,
 47190 | Vaults:1 | Bought a pair of spiked boots for 342 gold pieces
 47190 | Vaults:1 | Bought a faintly humming cloak for 342 gold pieces
 47191 | Vaults:1 | Identified the +2 pair of boots of Fortitude {*Contam rN++
                  | SInv} (You bought it in a shop on level 1 of the Vaults)
 47192 | Vaults:1 | Identified the cursed -1 cloak "Ibreuhe" {+Inv MR+ Dex+3}
                  | (You bought it in a shop on level 1 of the Vaults)
 47473 | Vaults:1 | Learned a level 9 spell: Shatter
 48047 | Vaults:2 | Noticed Bai Suzhen
 48048 | Vaults:2 | Reached skill level 13 in Spellcasting
 48052 | Vaults:2 | Killed Bai Suzhen
 48250 | Vaults:2 | Found Oshiohiff's General Store,
 48281 | Vaults:2 | Bought a potion of curing for 60 gold pieces
 48312 | Vaults:2 | Found a runed translucent gate,
 48312 | Vaults:2 | Found a runed translucent gate,
 48312 | Vaults:2 | Found a runed translucent gate,
 48315 | Vaults:2 | Noticed Viusuagh's ghost (adept MiSk)
 48335 | Vaults:2 | Killed Viusuagh's ghost
 48359 | Vaults:2 | Identified the +2 pair of gloves "Biut" {rElec rF+ rC+
                  | Stlth+} (You found it on level 2 of the Vaults)
 48458 | Vaults:2 | Reached XP level 23. HP: 142/142 MP: 27/40
 48471 | Vaults:2 | Reached skill level 15 in Conjurations
 48596 | Vaults:2 | Found a staircase to the Crypt,
 49560 | Vaults:3 | Identified a scroll of acquirement
 49560 | Vaults:3 | Identified the Catalogue of Aerial Sinister Secrets (You
                  | acquired it on level 3 of the Vaults)
 50989 | Vaults:4 | Reached XP level 24. HP: 146/149 MP: 36/40
 51204 | Vaults:4 | Reached skill level 15 in Fighting
 51585 | Vaults:4 | Identified the Tome of Combat Magic (You acquired it on
                  | level 4 of the Vaults)
 51585 | Vaults:4 | Identified the +2 hat "Tosik" {rF++} (You acquired it on
                  | level 4 of the Vaults)
 51594 | Vaults:4 | Found the +3 Elemental Staff {rElec rF++ rC++ MR++ AC+5}
 51640 | Vaults:4 | Reached skill level 1 in Staves
 53228 | Vaults:5 | Entered Level 5 of the Vaults
 53229 | Vaults:5 | Reached skill level 14 in Spellcasting
 53664 | Shoals:1 | Bought a ration for 50 gold pieces
 53664 | Shoals:1 | Bought a ration for 50 gold pieces
 53664 | Shoals:1 | Bought a ration for 50 gold pieces
 53664 | Shoals:1 | Bought a ration for 50 gold pieces
 53664 | Shoals:1 | Bought a ration for 50 gold pieces
 53664 | Shoals:1 | Bought a ration for 50 gold pieces
 53664 | Shoals:1 | Bought a ration for 50 gold pieces
 53664 | Shoals:1 | Bought a ration for 50 gold pieces
 53664 | Shoals:1 | Bought a ration for 50 gold pieces
 53826 | Orc:1    | Bought a ration for 70 gold pieces
 53826 | Orc:1    | Bought a ration for 70 gold pieces
 53826 | Orc:1    | Bought a ration for 70 gold pieces
 53826 | Orc:1    | Bought a ration for 70 gold pieces
 53826 | Orc:1    | Bought a ration for 70 gold pieces
 53826 | Orc:1    | Bought a ration for 70 gold pieces
 53826 | Orc:1    | Bought a ration for 70 gold pieces
 53826 | Orc:1    | Bought a ration for 70 gold pieces
 53826 | Orc:1    | Bought a ration for 70 gold pieces
 54199 | Vaults:5 | Reached XP level 25. HP: 128/156 MP: 37/41
 54201 | Vaults:5 | Identified the amulet "Qasyuthr Hywo" {+Rage rF+}
 54206 | Vaults:5 | Noticed an ancient lich
 54209 | Vaults:5 | Killed an ancient lich
 54210 | Vaults:5 | Reached skill level 5 in Staves
 54210 | Vaults:5 | Noticed Xtahua
 54341 | Vaults:4 | Learned a level 9 spell: Fire Storm
 54357 | Vaults:5 | Killed Xtahua
 55025 | Vaults:5 | Identified the Disquisition on Supportive Lightness
 55253 | Vaults:5 | Got a silver rune of Zot
 55520 | Vaults:5 | Found Relua's Assorted Antiques,
 56321 | Crypt:1  | Entered Level 1 of the Crypt
 57219 | Crypt:2  | Reached XP level 26. HP: 158/164 MP: 41/41
 57312 | Crypt:2  | Identified the +7 great mace of Foptooklului {vorpal, rElec
                  | rC+ Str-5} (You acquired it on level 2 of the Crypt)
 58170 | Crypt:3  | Entered Level 3 of the Crypt
 58651 | Crypt:3  | Found a basalt altar of Yredelemnul,
 58868 | Crypt:3  | Found the +4 dagger "Morg" {pain, MR+ Int+5}
 59314 | Crypt:3  | Reached skill level 15 in Spellcasting
 59676 | Crypt:3  | Got a transparent glass ring
 59677 | Crypt:3  | Identified the ring "Tuahem" {Int+4 SInv} (You found it on
                  | level 3 of the Crypt)
 59707 | Crypt:3  | Noticed an ancient lich
 59840 | Crypt:3  | Killed an ancient lich
 59996 | Crypt:3  | Got a sparkling lead ring
 59997 | Crypt:3  | Identified the ring "Tudut" {Wiz *Corrode rPois Str+3
                  | Dex+4} (You found it on level 3 of the Crypt)
 60006 | Crypt:3  | Found a staircase to the Tomb,
 60423 | Depths:1 | Entered Level 1 of the Depths
 60536 | Depths:1 | Found a gateway to Hell,
 60768 | Depths:1 | Found a gateway to a ziggurat,
 60839 | Depths:1 | Found a corrupted altar of Lugonu,
 60874 | Depths:1 | Identified Lugonu's Guide on Arcane Weapons
 60899 | Depths:1 | Reached XP level 27. HP: 160/171 MP: 42/42
 61459 | Depths:1 | Found a portal to a secret trove of treasure,
 62199 | Depths:1 | You paid a toll of a +5 demon trident to enter a treasure
                  | trove
 62200 | Trove    | Entered a treasure trove
 62200 | Trove    | Found the brooch of Shielding {Reflect SH+8}
 62205 | Trove    | Got a translucent turquoise ring
 62207 | Trove    | Got a crude lapis lazuli ring
 62216 | Trove    | Got an ancient silver amulet
 62220 | Trove    | Got a fine platinum ring
 62223 | Trove    | Got a flickering ruby amulet
 62228 | Trove    | Got a fine platinum ring
 62230 | Trove    | Got a wavering brass amulet
 62235 | Trove    | Got a pitted lapis lazuli ring
 62247 | Trove    | Identified the ring "Juach" {rCorr Str+4} (You found it in
                  | a treasure trove)
 62248 | Trove    | Identified the ring "Fariacwa" {rC+ rN+} (You found it in a
                  | treasure trove)
 62253 | Trove    | Identified the amulet "Tyfoenay" {+Rage rC+ Int+2} (You
                  | found it in a treasure trove)
 62258 | Trove    | Identified the ring "Mies" {rElec rPois rN+ Dex+2 Stlth-}
                  | (You found it in a treasure trove)
 62262 | Trove    | Identified the amulet "Atuuzeny" {Fragile rElec rC+ rN+
                  | Regen+} (You found it in a treasure trove)
 62265 | Trove    | Identified the ring of Leaves {EV+3 Slay+5} (You found it
                  | in a treasure trove)
 62268 | Trove    | Identified the amulet of Ridyocil {Gourm *Contam rElec
                  | rF++} (You found it in a treasure trove)
 62272 | Trove    | Identified the ring "Assiec" {MR+ rCorr Str+4 Int+6} (You
                  | found it in a treasure trove)
 62288 | Trove    | Got a clouded golden ring
 62290 | Trove    | Got a translucent ivory ring
 62304 | Trove    | Identified the ring "Jeffock" {*Corrode rElec rF+ Int+3}
                  | (You found it in a treasure trove)
 62307 | Trove    | Identified the ring of Suspicion {rN+ MR+} (You found it in
                  | a treasure trove)
 62816 | Depths:2 | Noticed Saint Roka
 62826 | Depths:2 | Killed Saint Roka
 63197 | Depths:2 | Noticed Mennas
 63206 | Depths:2 | Identified the +6 quarterstaff of Laceration {venom, +Inv
                  | rF+ MR- Dex+4}
 63755 | Depths:2 | Found a glowing silver altar of Zin,
 63759 | Depths:2 | Killed Mennas
 63844 | Depths:2 | Identified the Tome of Toxic Feathers
 64079 | Depths:3 | Found a runed translucent door,
 64080 | Depths:3 | Noticed Acwon's ghost (legendary TrMo)
 64091 | Depths:3 | Killed Acwon's ghost
 64725 | Depths:3 | Identified the ring of Vixauk {MR+ Dex+5}
 65110 | Depths:3 | Found a runed translucent door,
 65177 | Depths:3 | Got a transparent bone ring
 65178 | Depths:3 | Identified the ring of Giur {rPois MR+ rCorr Dex+4 Stlth-}
                  | (You found it on level 3 of the Depths)
 65186 | Depths:3 | Got a pitted jade ring
 65187 | Depths:3 | Identified the ring "Zedwocso" {rElec rC- MR+ Str-4 Dex+10}
                  | (You found it on level 3 of the Depths)
 65198 | Depths:3 | Got a wavering platinum ring
 65199 | Depths:3 | Identified the ring of Keuc {+Fly Str+4 Dex-2 Stlth+} (You
                  | found it on level 3 of the Depths)
 65343 | Depths:3 | Found a one-way gate leading to the halls of Pandemonium,
 65949 | Shoals:2 | Killed Snarbu88's ghost
 66029 | Shoals:2 | Identified the +1 pair of boots "Duicot" {rN+} (You found
                  | it on level 2 of the Shoals)
 66692 | Depths:4 | Found a one-way gate to the infinite horrors of the Abyss,
 67541 | Depths:4 | Found a runed translucent door,
 67560 | Depths:4 | Found a runed translucent door,
 67566 | Depths:4 | Reached skill level 16 in Spellcasting
 67856 | Depths:5 | Entered Level 5 of the Depths
 68198 | Slime:1  | Entered Level 1 of the Pits of Slime
 68256 | Slime:2  | Noticed Dissolution
 68429 | Slime:2  | Killed Dissolution
 68436 | Slime:2  | Gained mutation: You do not regenerate when monsters are
                  | visible. [a shining eye]
 68722 | Slime:5  | Entered Level 5 of the Pits of Slime
 68727 | Slime:5  | Gained mutation: Your body sometimes deteriorates upon
                  | taking damage. [a shining eye]
 68780 | Slime:5  | Noticed the Royal Jelly
 68785 | Slime:5  | Killed the Royal Jelly
 68809 | Slime:4  | Gained mutation: Armour fits poorly on your strangely
                  | shaped body. [a shining eye]
 68902 | Slime:5  | Reached skill level 15 in Dodging
 68980 | Slime:5  | Gained mutation: Your body often deteriorates upon taking
                  | damage. [a shining eye]
 69027 | Slime:5  | Got a slimy rune of Zot
 69104 | Slime:5  | Got a slimy tin ring
 69105 | Slime:5  | Identified the ring "Negiy" {Ice rN+ Int-4 Dex+7} (You
                  | found it on level 5 of the Pits of Slime)
 69333 | D:9      | Lost mutation: Your muscles are strong. (Str +2) [potion of
                  | mutation]
 69333 | D:9      | Lost mutation: You are partially covered in yellow scales.
                  | (AC +2) [potion of mutation]
 69333 | D:9      | Gained mutation: You tend to lose your temper in combat.
                  | [potion of mutation]
 69333 | D:9      | Gained mutation: Your muscles are strong. (Str +2) [potion
                  | of mutation]
 69334 | D:9      | Lost mutation: You have supernaturally acute eyesight.
                  | (SInv) [potion of mutation]
 69334 | D:9      | Lost mutation: Your muscles are strong. (Str +2) [potion of
                  | mutation]
 69334 | D:9      | Lost mutation: Armour fits poorly on your strangely shaped
                  | body. [potion of mutation]
 69334 | D:9      | Lost mutation: You are partially covered in large bone
                  | plates. (SH +4) [potion of mutation]
 69334 | D:9      | Lost mutation: You have a pair of small antennae on your
                  | head. [potion of mutation]
 69334 | D:9      | Gained mutation: You have large cloven feet. [potion of
                  | mutation]
 69334 | D:9      | Gained mutation: You have sharp fingernails. [potion of
                  | mutation]
 69335 | D:9      | Lost mutation: You are clumsy. (Dex -2) [potion of
                  | mutation]
 69335 | D:9      | Lost mutation: Your body often deteriorates upon taking
                  | damage. [potion of mutation]
 69335 | D:9      | Lost mutation: You do not regenerate when monsters are
                  | visible. [potion of mutation]
 69335 | D:9      | Gained mutation: Your spells are a little easier to cast,
                  | but a little less powerful. [potion of mutation]
 69335 | D:9      | Lost mutation: Your spells are a little easier to cast, but
                  | a little less powerful. [potion of mutation]
 69336 | D:9      | Lost mutation: Your body sometimes deteriorates upon taking
                  | damage. [potion of mutation]
 69336 | D:9      | Lost mutation: You tend to lose your temper in combat.
                  | [potion of mutation]
 69336 | D:9      | Lost mutation: You have large cloven feet. [potion of
                  | mutation]
 69336 | D:9      | Gained mutation: Your body sometimes deteriorates upon
                  | taking damage. [potion of mutation]
 69336 | D:9      | Gained mutation: You are partially covered in iridescent
                  | scales. (AC +2) [potion of mutation]
 69336 | D:9      | Gained mutation: You are clumsy. (Dex -2) [potion of
                  | mutation]
 69336 | D:9      | Gained mutation: Your spells are a little harder to cast,
                  | but a little more powerful. [potion of mutation]
 69509 | D:15     | Learned a level 8 spell: Necromutation
 69522 | D:15     | Learned a level 8 spell: Death's Door
 69550 | Zig:1    | Entered Level 1 of a ziggurat
 69568 | Zig:2    | Entered Level 2 of a ziggurat
 69570 | Zig:2    | Reached skill level 1 in Transmutations
 69692 | Zig:3    | Entered Level 3 of a ziggurat
 69736 | Zig:4    | Entered Level 4 of a ziggurat
 69744 | Zig:4    | Reached skill level 1 in Necromancy
 69764 | Zig:5    | Entered Level 5 of a ziggurat
 69792 | Zig:5    | Identified the cursed +0 robe of Cyfi Omp {rElec Slay+3
                  | Stlth+} (You found it on level 5 of a ziggurat)
 69796 | Zig:5    | Got a crude pewter ring
 69797 | Zig:5    | Identified the ring "Quthrouto" {+Blink rN+ Str+4} (You
                  | found it on level 5 of a ziggurat)
 69803 | Zig:6    | Entered Level 6 of a ziggurat
 69901 | Zig:6    | Identified the +1 quarterstaff "Niptucve" {drain, rElec
                  | Dex+7} (You found it on level 6 of a ziggurat)
 69920 | Zig:7    | Entered Level 7 of a ziggurat
 69982 | Zig:8    | Entered Level 8 of a ziggurat
 70047 | Zig:8    | Got a fine glass ring
 70048 | Zig:8    | Identified the ring "Kaukkixi" {rC++ SInv} (You found it on
                  | level 8 of a ziggurat)
 70056 | Zig:9    | Entered Level 9 of a ziggurat
 70063 | Zig:9    | Noticed Wiuwia the pandemonium lord
 70066 | Zig:9    | Killed Wiuwia the pandemonium lord
 70150 | Zig:10   | Entered Level 10 of a ziggurat
 70162 | Zig:10   | Reached skill level 17 in Spellcasting
 70266 | Zig:11   | Entered Level 11 of a ziggurat
 70423 | Zig:12   | Entered Level 12 of a ziggurat
 70487 | Zig:13   | Entered Level 13 of a ziggurat
 70499 | Zig:13   | Reached skill level 5 in Transmutations
 70500 | Zig:13   | Reached skill level 5 in Necromancy
 70545 | Zig:13   | Got an ancient tin ring
 70546 | Zig:13   | Identified the ring "Lamucud" {Ice Int+6} (You found it on
                  | level 13 of a ziggurat)
 70550 | Zig:13   | Identified the +3 leather armour of Poef {+Blink rC+ rN+}
                  | (You found it on level 13 of a ziggurat)
 70562 | Zig:14   | Entered Level 14 of a ziggurat
 70579 | Zig:14   | Noticed a greater mummy
 70582 | Zig:14   | Noticed a greater mummy
 70583 | Zig:14   | Killed a greater mummy
 70583 | Zig:14   | Killed a greater mummy
 70583 | Zig:14   | Noticed a greater mummy
 70583 | Zig:14   | Noticed a greater mummy
 70587 | Zig:14   | Killed a greater mummy
 70587 | Zig:14   | Killed a greater mummy
 70950 | Zig:14   | Found the +9 heavy crossbow "Sniper" {vorpal, Acc+∞ SInv}
 71009 | Zig:15   | Entered Level 15 of a ziggurat
 71024 | Zig:15   | Noticed a juggernaut
 71025 | Zig:15   | Noticed a juggernaut
 71027 | Zig:15   | Killed a juggernaut
 71028 | Zig:15   | Killed a juggernaut
 71029 | Zig:15   | Noticed a juggernaut
 71031 | Zig:15   | Killed a juggernaut
 71050 | Zig:15   | Got a coiled amethyst amulet
 71052 | Zig:15   | Identified the amulet of Torocez {+Rage +Inv rN+ Dex+4}
                  | (You found it on level 15 of a ziggurat)
 71065 | Zig:15   | Identified the +5 quarterstaff "Newtslayer" {vorpal, Int+6}
                  | (You found it on level 15 of a ziggurat)
 71097 | Zig:16   | Entered Level 16 of a ziggurat
 71115 | Zig:16   | Found the +8 Wrath of Trog {antimagic, *Rage}
 71118 | Zig:16   | Reached skill level 18 in Spellcasting
 71188 | Zig:17   | Entered Level 17 of a ziggurat
 71196 | Zig:17   | Noticed an orb of fire
 71197 | Zig:17   | Gained mutation: You are somewhat resistant to further
                  | mutation. [an orb of fire]
 71197 | Zig:17   | Noticed an orb of fire
 71199 | Zig:17   | Noticed an orb of fire
 71200 | Zig:17   | Noticed an orb of fire
 71203 | Zig:17   | Noticed an orb of fire
 71203 | Zig:17   | Noticed an orb of fire
 71203 | Zig:17   | Noticed an orb of fire
 71211 | Zig:17   | Killed an orb of fire
 71212 | Zig:17   | Gained mutation: Scrolls take you a little longer to read.
                  | [an orb of fire]
 71216 | Zig:17   | Killed an orb of fire
 71219 | Zig:17   | Killed an orb of fire
 71219 | Zig:17   | Reached skill level 10 in Necromancy
 71220 | Zig:17   | Killed an orb of fire
 71222 | Zig:17   | Killed an orb of fire
 71235 | Zig:17   | HP: 7/179 [orb of fire/fireball (17)]
 71238 | Zig:17   | Gained mutation: You are frail. (-10% HP) [an orb of fire]
 71245 | Zig:17   | Gained mutation: Your body often deteriorates upon taking
                  | damage. [an orb of fire]
 71247 | Zig:17   | Killed an orb of fire
 71253 | Zig:17   | Gained mutation: You are very clumsy. (Dex -4) [an orb of
                  | fire]
 71271 | Zig:18   | Entered Level 18 of a ziggurat
 71662 | Zig:18   | Got a pitted brass amulet
 71665 | Zig:18   | Identified the amulet "Feihuj" {Harm *Drain Int+4} (You
                  | found it on level 18 of a ziggurat)
 71688 | Zig:19   | Entered Level 19 of a ziggurat
 71825 | Zig:20   | Entered Level 20 of a ziggurat
 71839 | Zig:20   | Noticed a greater mummy
 71839 | Zig:20   | Noticed a greater mummy
 71840 | Zig:20   | Noticed a greater mummy
 71842 | Zig:20   | Noticed a greater mummy
 71844 | Zig:20   | Killed a greater mummy
 71844 | Zig:20   | Reached skill level 1 in Charms
 71844 | Zig:20   | Killed a greater mummy
 71845 | Zig:20   | Killed a greater mummy
 71845 | Zig:20   | Reached skill level 19 in Spellcasting
 71845 | Zig:20   | Killed a greater mummy
 71845 | Zig:20   | Reached skill level 10 in Transmutations
 71845 | Zig:20   | Reached skill level 10 in Evocations
 71859 | Zig:20   | Noticed a greater mummy
 71863 | Zig:20   | Killed a greater mummy
 71868 | Zig:20   | Noticed a greater mummy
 71870 | Zig:20   | Killed a greater mummy
 71896 | Zig:20   | Noticed a greater mummy
 71899 | Zig:20   | Noticed a greater mummy
 71899 | Zig:20   | Killed a greater mummy
 71900 | Zig:20   | Noticed a greater mummy
 71905 | Zig:20   | Killed a greater mummy
 71909 | Zig:20   | Killed a greater mummy
 72436 | Zig:20   | Identified the +1 pair of gloves of Gravitas {rPois} (You
                  | found it on level 20 of a ziggurat)
 72465 | Zig:20   | Got a transparent jade ring
 72468 | Zig:20   | Identified the ring of Ribraz {Fire Str+2} (You found it on
                  | level 20 of a ziggurat)
 72474 | Zig:21   | Entered Level 21 of a ziggurat
 72483 | Zig:21   | Noticed a juggernaut
 72489 | Zig:21   | Noticed a juggernaut
 72489 | Zig:21   | Noticed a juggernaut
 72489 | Zig:21   | Noticed a juggernaut
 72490 | Zig:21   | Noticed a juggernaut
 72491 | Zig:21   | Reached skill level 5 in Charms
 72491 | Zig:21   | Noticed a juggernaut
 72492 | Zig:21   | Killed a juggernaut
 72492 | Zig:21   | Killed a juggernaut
 72492 | Zig:21   | Killed a juggernaut
 72492 | Zig:21   | Killed a juggernaut
 72493 | Zig:21   | Killed a juggernaut
 72494 | Zig:21   | Noticed a juggernaut
 72495 | Zig:21   | Killed a juggernaut
 72498 | Zig:21   | Killed a juggernaut
 72538 | Zig:21   | Identified Sif Muna's Handbook of Warped Toxins
 72546 | Zig:21   | Reached skill level 20 in Spellcasting
 72564 | Zig:22   | Entered Level 22 of a ziggurat
 72701 | Zig:22   | Reached skill level 15 in Necromancy
 72825 | Zig:23   | Entered Level 23 of a ziggurat
 72845 | Zig:23   | Reached skill level 10 in Charms
 72871 | Zig:23   | Reached skill level 21 in Spellcasting
 73127 | Zig:23   | Identified the Handbook of Evil Secrets and the Entourage
 73130 | Zig:23   | Got a wavering golden amulet
 73133 | Zig:23   | Identified the amulet "Ixtes" {Inacc *Corrode Int+2 Dex+7}
                  | (You found it on level 23 of a ziggurat)
 73145 | Zig:23   | Got a scorched silver amulet
 73148 | Zig:23   | Identified the amulet of Fujafyur {+Fly rC- Regen+ Int+3
                  | Dex+3} (You found it on level 23 of a ziggurat)
 73167 | Zig:24   | Entered Level 24 of a ziggurat
 73184 | Zig:24   | Noticed a juggernaut
 73186 | Zig:24   | Noticed a juggernaut
 73187 | Zig:24   | Noticed a juggernaut
 73188 | Zig:24   | Noticed a juggernaut
 73189 | Zig:24   | Killed a juggernaut
 73190 | Zig:24   | Killed a juggernaut
 73190 | Zig:24   | Noticed a juggernaut
 73191 | Zig:24   | Killed a juggernaut
 73191 | Zig:24   | Noticed a juggernaut
 73191 | Zig:24   | Noticed a juggernaut
 73192 | Zig:24   | Killed a juggernaut
 73192 | Zig:24   | Killed a juggernaut
 73193 | Zig:24   | Killed a juggernaut
 73194 | Zig:24   | Killed a juggernaut
 73195 | Zig:24   | Noticed a juggernaut
 73202 | Zig:24   | Killed a juggernaut
 73273 | Zig:24   | Found the +0 mask of the Dragon {MR+ Slay+3 SInv}
 73348 | Zig:24   | Identified the Collected Works on Flames and the Oath
 73354 | Zig:24   | Got a serpentine marble ring
 73357 | Zig:24   | Identified the ring "Teije" {rF+ rN+ Str+4 Int-5} (You
                  | found it on level 24 of a ziggurat)
 73387 | Zig:24   | Identified Tovycko's Volume of Enchanting Orientation
 73469 | Zig:25   | Entered Level 25 of a ziggurat
 73486 | Zig:25   | Noticed a greater mummy
 73486 | Zig:25   | Noticed a greater mummy
 73488 | Zig:25   | Killed a greater mummy
 73488 | Zig:25   | Noticed a greater mummy
 73491 | Zig:25   | Noticed a greater mummy
 73493 | Zig:25   | Killed a greater mummy
 73493 | Zig:25   | Killed a greater mummy
 73493 | Zig:25   | Reached skill level 22 in Spellcasting
 73494 | Zig:25   | Noticed a greater mummy
 73494 | Zig:25   | Noticed a greater mummy
 73495 | Zig:25   | Killed a greater mummy
 73496 | Zig:25   | Killed a greater mummy
 73498 | Zig:25   | Killed a greater mummy
 73498 | Zig:25   | Noticed a greater mummy
 73500 | Zig:25   | Noticed a greater mummy
 73501 | Zig:25   | Killed a greater mummy
 73502 | Zig:25   | Killed a greater mummy
 73503 | Zig:25   | Noticed a greater mummy
 73504 | Zig:25   | Noticed a greater mummy
 73506 | Zig:25   | Killed a greater mummy
 73508 | Zig:25   | Noticed a greater mummy
 73509 | Zig:25   | Killed a greater mummy
 73509 | Zig:25   | Noticed a greater mummy
 73510 | Zig:25   | Killed a greater mummy
 73510 | Zig:25   | Noticed a greater mummy
 73514 | Zig:25   | Killed a greater mummy
 73515 | Zig:25   | Killed a greater mummy
 73590 | Zig:25   | Identified the +6 quarterstaff "Ravihyr" {vamp, SInv} (You
                  | found it on level 25 of a ziggurat)
 73614 | Zig:26   | Entered Level 26 of a ziggurat
 73642 | Zig:26   | Reached skill level 23 in Spellcasting
 73659 | Zig:26   | Found the +1 cloak of Starlight {rElec rC+ EV+4 Stlth--}
 73669 | Zig:26   | Identified the +1 pair of boots "Upneupey" {rElec Int+4}
                  | (You found it on level 26 of a ziggurat)
 73682 | Zig:26   | Got a scorched glass ring
 73685 | Zig:26   | Identified the ring of Pafranut {rElec rPois rN++ Str+2
                  | Int-4} (You found it on level 26 of a ziggurat)
 73701 | Zig:26   | Found the ring of Phasing {EV+8}
 73713 | Zig:26   | Identified the Almanac of Supportive Transmutation
 73718 | Zig:26   | Identified the +0 pair of gloves "Maasuz" {rC+ SInv} (You
                  | found it on level 26 of a ziggurat)
 73806 | Zig:27   | Entered Level 27 of a ziggurat
 74196 | Zig:27   | Got a heavily runed gossamer ring
 74203 | Zig:27   | Identified the ring "Dotov" {+Inv rF- rCorr Str+8} (You
                  | found it on level 27 of a ziggurat)
 74207 | Zig:27   | Identified Sif Muna's Tome of Feathers
 74215 | Zig:27   | Got a smoking ruby amulet
 74218 | Zig:27   | Identified the amulet of Tuivat {RegenMP rC+ Str+2 Int-5}
                  | (You found it on level 27 of a ziggurat)
 74221 | Zig:27   | Reached skill level 24 in Spellcasting
 74238 | Zig:27   | Got a crude ivory ring
 74241 | Zig:27   | Identified the ring "Tiam" {rElec rPois rN+ Int+3 Dex-2}
                  | (You found it on level 27 of a ziggurat)
 74244 | Zig:27   | Got a twitching amber ring
 74340 | D:15     | Identified the ring "Itruyji" {*Tele +Inv rF- rC+ rN+++}
                  | (You found it on level 27 of a ziggurat)
 74649 | Depths:5 | Found a gate to the Realm of Zot,
 74705 | Depths:5 | Noticed Margery
 74958 | Depths:5 | Killed Margery
 74971 | Depths:5 | Noticed the Enchantress
 74973 | Depths:5 | Killed the Enchantress
 75189 | Depths:5 | Reached skill level 25 in Spellcasting
 75399 | Depths:5 | Noticed Jory
 75404 | Depths:5 | Killed Jory
 76146 | Zig:1    | Entered Level 1 of a ziggurat
 76173 | Zig:1    | Learned a level 9 spell: Tornado
 76183 | Zig:1    | Learned a level 9 spell: Absolute Zero
 76185 | Zig:2    | Entered Level 2 of a ziggurat
 76187 | Zig:2    | Reached skill level 1 in Ice Magic
 76204 | Zig:3    | Entered Level 3 of a ziggurat
 76205 | Zig:3    | Reached skill level 1 in Air Magic
 76248 | Zig:4    | Entered Level 4 of a ziggurat
 76295 | Zig:5    | Entered Level 5 of a ziggurat
 76364 | Zig:6    | Entered Level 6 of a ziggurat
 76400 | Zig:6    | Identified the ring of False Hope {rElec MR- Int+4 Dex+3}
                  | (You acquired it on level 6 of a ziggurat)
 76400 | Zig:6    | Identified the +0 pair of boots "Madedu" {+Inv rCorr Int-2
                  | Dex+6} (You acquired it on level 6 of a ziggurat)
 76460 | Zig:7    | Entered Level 7 of a ziggurat
 76489 | Zig:8    | Entered Level 8 of a ziggurat
 76497 | Zig:8    | Reached skill level 5 in Ice Magic
 76573 | Zig:9    | Entered Level 9 of a ziggurat
 76624 | Zig:10   | Entered Level 10 of a ziggurat
 76633 | Zig:10   | Reached skill level 5 in Air Magic
 76681 | Zig:11   | Entered Level 11 of a ziggurat
 76714 | Zig:11   | Got a clouded wooden ring
 76717 | Zig:11   | Identified the ring "Usadu" {Ice MP-9 Str+6} (You found it
                  | on level 11 of a ziggurat)
 76776 | Zig:12   | Entered Level 12 of a ziggurat
 76789 | Zig:12   | Noticed Hayrch the pandemonium lord
 76791 | Zig:12   | Reached skill level 26 in Spellcasting
 76793 | Zig:12   | Killed Hayrch the pandemonium lord
 77109 | Zig:13   | Entered Level 13 of a ziggurat
 77114 | Zig:13   | Paralysed by a floating eye for 4 turns
 77135 | Zig:13   | Found the +3 pair of gauntlets of War {Slay+5}
 77158 | Zig:13   | Got a coiled graven amulet
 77163 | Zig:13   | Identified the amulet of the Middle {Inacc Fragile rC+ MR+}
                  | (You found it on level 13 of a ziggurat)
 77169 | Zig:13   | Identified the Handbook of Envenoming and Sinister Rites
 77177 | Zig:14   | Entered Level 14 of a ziggurat
 77328 | Zig:14   | Got a brightly glowing glass ring
 77331 | Zig:14   | Identified the cursed ring of Neskoen {EV-3 Int+3 Dex+3}
                  | (You found it on level 14 of a ziggurat)
 77338 | Zig:15   | Entered Level 15 of a ziggurat
 77351 | Zig:15   | Noticed Ereufydu's ghost (legendary VSGl)
 77351 | Zig:15   | Noticed Rucih's ghost (legendary DsFi)
 77352 | Zig:15   | Noticed Garop's ghost (legendary DDFi)
 77352 | Zig:15   | Noticed Hartz's ghost (legendary GrEE)
 77353 | Zig:15   | Noticed Ihoic's ghost (legendary SpEn)
 77353 | Zig:15   | Noticed Tieschogg's ghost (legendary DsFi)
 77354 | Zig:15   | Noticed Umoqal's ghost (legendary DEEE)
 77354 | Zig:15   | Noticed will825x's ghost (veteran OpEE)
 77356 | Zig:15   | Reached skill level 10 in Ice Magic
 77357 | Zig:15   | Killed Ihoic's ghost
 77364 | Zig:15   | Killed Garop's ghost
 77368 | Zig:15   | Killed Ereufydu's ghost
 77368 | Zig:15   | Killed will825x's ghost
 77370 | Zig:15   | Killed Tieschogg's ghost
 77371 | Zig:15   | Killed Umoqal's ghost
 77383 | Zig:15   | Killed from afar by Hartz's ghost

Levels and vault maps discovered:
D:1:      onia_arrival_zoo_common, layout_rooms
D:2:      layout_loops_ring, uniq_terence, uniq_jessica
D:3:      layout_basic, minitemple, nicolae_dithmenos_through_a_glass_darkly
D:4:      layout_rooms, lemuel_crystal_altar, first_ration,
          chequers_ossuary_entry_cave
D:5:      layout_loops_ring, lemuel_crystal_altar, nemelex_lonely_heart_becter,
          uniq_duvessa, uniq_ijyb
D:6:      lemuel_upstairs_altar, layout_basic, minmay_temple_entry_steel_oval,
          serial_shops, shop, kennysheep_mini_moat, uniq_prince_ribbit1
D:7:      layout_loops_ring, minmay_misc_feat_alley
D:8:      layout_loops_corners, serial_shops, nicolae_shop_stone,
          wad_floor_pattern_untrapped
D:9:      layout_roguey, lemuel_round_altar, david_lair_generic,
          kennysheep_orc_monster_closet_entryway, serial_undead,
          serial_undead_e, serial_undead_f, serial_undead_e, serial_undead_a,
          serial_undead_f, serial_undead_f, serial_undead_c, serial_undead_b
D:10:     layout_cave_pools, ploomutoo_gammafunk_ghost_potion_laboratory,
          hangedman_ranch [blue_anna_fruit_fields], minmay_evil_grid
D:11:     layout_grid_maze, special_room [special_room_kobold]
D:12:     minmay_blocky_corners, layout_gridville
D:13:     layout_long_grid, skrybe_vaults_entry_preservation,
          minmay_misc_feat_secret_circle
D:14:     layout_rooms, hangedman_ru_absence, small_statue_intersection
D:15:     grunt_enter_depths_giant_problem, layout_rooms, minmay_lindwurm_lava,
          uniq_nessos, uniq_jorgrun
Temple:   nicolae_temple_great_sept
Lair:1:   layout_misc_corridors, gauntlet_entry_generic, basic_altar,
          minmay_lair_oklob_chamber, grunt_megastairs_1
Lair:2:   layout_gridlike, minmay_shoals_entry_centaurs, lemuel_fruit_fields,
          grunt_megastairs_4
Lair:3:   layout_chaotic_city, basic_altar, ebering_ghost_rock_garden,
          lemuel_fruit_tree
Lair:4:   layout_regular_city, guppyfry_snake_entry_garden,
          nicolae_volcano_entry_lava_flow, beast_lair_carwin_6
Lair:5:   layout_layer_cave, slime_dummy, infiniplex_staircase_pool
Lair:6:   minmay_lair_end_enchanted_forest, layout_gridlike,
          chequers_serial_rivers_small_b, st_stairs_7, uniq_kirke
Shoals:1: gammafunk_the_bubble [the_bubble_gammafunk_crates], layout_shoals,
          serial_shops, nicolae_shop_window_shopping,
          minmay_shop_enchanted_jewellery
Shoals:2: layout_shoals, gammafunk_ghost_tricky_traps
Shoals:3: layout_shoals
Shoals:4: shoals_end_grunt_ice, layout_shoals, centaur_isle, uniq_mara
Snake:1:  layout_layer_cave, basic_altar, serial_bayou_ford_a, uniq_rupert,
          uniq_josephine
Snake:2:  layout_misc_corridors, serial_bayou_shore_a
Snake:3:  hangedman_cross_stitches, layout_basic, serial_shops, shop,
          serial_bayou_pond_b, drop_trap, nicolae_snake_single_loop,
          minmay_snake_pond
Snake:4:  minmay_snake_end_coiled, layout_rooms, uniq_vashnia, uniq_aizul
Slime:1:  layout_caves
Slime:2:  layout_caves, uniq_dissolution
Slime:3:  layout_caves
Slime:4:  layout_caves
Slime:5
Orc:1:    layout_caves, serial_shops, shop_coins
Orc:2:    st_orc_ogre_mass, layout_caves
Elf:1:    layout_onion_city, orc_legates, corexii_hall_statues_l, minivault_14,
          lemuel_flamethrower_3, uniq_azrael, uniq_asterion
Elf:2:    layout_geoelf_grid, uniq_louise
Elf:3:    grunt_elf_hall_diamonds, layout_onion_city, uniq_nikola
Vaults:1: v_misc_16, v_alt_pattern_5, vaults_mumra_minichess, v_misc_11,
          v_misc_10, vaults_dpeg_cross, v_misc_3, layout_vaults_omnigrid,
          serial_shops, shop
Vaults:2: gammafunk_vaults_ghost_tricky_traps, nicolae_vaults_alarming,
          vaults_standard_mumra_x, ontoclasm_vaults_eye,
          minmay_crypt_entry_simple_plaza, vaults_room_semicircle,
          grunt_vaults_trifunnel, grunt_vaults_hallway_short,
          vaults_room_mumra_shop_pool, vaults_room_ringed_pool,
          ontoclasm_vaults_pinch, layout_vaults_big_cross, uniq_bai_suzhen
Vaults:3: hangedman_vaults_locks, ontoclasm_vaults_tryst,
          nicolae_vaults_meeting, vaults_room_pool, v_alt_pattern_3, v_misc_4,
          grunt_vaults_swirl, nicolae_vaults_asterisk, vaults_mumra_hex,
          layout_vaults_maze
Vaults:4: st_greater_box_1, v_misc_19, nicolae_vaults_specimen_jars,
          nicolae_vaults_little_ls, grunt_vaults_twisty, vaults_room_door_hall,
          grunt_vaults_funnel, ontoclasm_vaults_gateway, v_misc_22,
          vaults_room_hallway, layout_vaults_chaotic_city
Vaults:5: uniq_xtahua
Crypt:1:  layout_catacombs
Crypt:2:  layout_misc_corridors
Crypt:3:  grunt_crypt_end_deaths_head
Depths:1: layout_honeycomb, enter_ziggurat_f, enter_trove_6, hellmouth_1,
          tgw_lugonu_bribe
Depths:2: evilmike_silver_temple, layout_cave_pools, hangedman_coc_ice_floe,
          minmay_misc_feat_tiny, uniq_saint_roka
Depths:3: minmay_the_grid_triangle_9x9_rhombus_thin
          [minmay_the_grid_triangle_9x9_odd_lines,
          minmay_the_grid_triangle_9x9_prize_special,
          minmay_the_grid_triangle_9x9_subtriangle,
          minmay_the_grid_triangle_9x9_zippers_vertical], layout_gridlike,
          grunt_metal_band, grunt_pan_entry_zigzag, minmay_staircase_bubble,
          ebering_ghost_reflecting_pool
Depths:4: minmay_expanding_circles, layout_gridlike, abyss_entry,
          rand_demon_pan_entry_3, serial_sigils, serial_sigils_hangedman_quiver,
          serial_sigils_hangedman_snap, serial_sigils_hangedman_scratch,
          serial_sigils_hangedman_stare, serial_sigils_hangedman_gut,
          grunt_hell_entry_dis_grunt, infiniplex_staircase_pillars_1
Depths:5: grunt_x_marks_the_spot, layout_basic, chequers_serial_rivers_small_b,
          hangedman_geh_valley, uniq_margery, uniq_enchantress, uniq_jory
Zig:15:   ziggurat_pillar_abc, ziggurat_pillar_abc, ziggurat_pillar_abc,
          ziggurat_pillar_abc

Skill      XL: |  1  2  3  4  5  6  7  8  9 10 11 12 13 14 15 16 17 18 19 20 21 22 23 24 25 26 27 |
---------------+----------------------------------------------------------------------------------+-----
Earth Magic    | 4 5 6 7 8 9 10 11 12 13 14 15 16 17 19 20 21 22 | 22.0
Spellcasting   | 3 4 5 6 7 8 9 10 11 12 13 14 15 26 | 26.4
Conjurations   | 2 3 4 5 6 7 8 9 10 11 12 13 14 15 16 17 20 | 20.0
Fighting       | 1 2 4 5 6 7 9 10 11 12 13 14 15 16 17 22 | 22.0
Armour         | 1 2 4 5 6 |  6.0
Maces & Flails | 2 3 4 6 7 8 9 10 11 12 13 14 | 14.1
Dodging        | 2 3 4 5 6 7 8 9 10 11 12 13 15 | 15.0
Evocations     | 2 3 4 5 6 10 | 10.0
Fire Magic     | 4 11 13 15 16 17 18 19 22 | 22.0
Staves         | 4 6 7 |  7.8
Transmutations | 10 | 10.0
Necromancy     | 20 | 20.0
Charms         | 10 | 10.0
Ice Magic      | 10 | 10.7
Air Magic      | 9 |  9.1
Stealth        | |  2.1

Action                   |  1- 3 |  4- 6 |  7- 9 | 10-12 | 13-15 | 16-18 | 19-21 | 22-24 | 25-27 || total
-------------------------+-------+-------+-------+-------+-------+-------+-------+-------+-------++-------
Melee: Short sword       |    65 |   231 |       |       |       |       |       |       |       ||   296
       Flail             |       |    22 |   183 |   374 |   399 |    93 |   175 |       |       ||  1246
       Unarmed           |       |       |       |       |     5 |       |       |       |     3 ||     8
       Great mace        |       |       |       |       |       |       |    80 |       |   512 ||   592
       Demon whip        |       |       |       |       |       |       |   560 |   561 |       ||  1121
       Staff             |       |       |       |       |       |       |       |       |   581 ||   581
Throw: Throwing net      |       |       |       |       |     1 |       |     3 |       |     1 ||     5
 Cast: Sandblast         |     8 |    44 |   113 |   185 |   242 |    35 |     6 |    16 |    13 ||   662
       Stone Arrow       |       |    20 |     6 |    33 |   226 |     6 |     3 |     4 |    15 ||   313
       Lee's Rapid Decon |       |       |    12 |    48 |    47 |     8 |   107 |    28 |    42 ||   292
       Orb of Destructio |       |       |       |       |    10 |       |       |       |       ||    10
       Irradiate         |       |       |       |       |    10 |    11 |     1 |       |       ||    22
       Mephitic Cloud    |       |       |       |       |    11 |       |       |       |       ||    11
       Iron Shot         |       |       |       |       |    25 |    81 |   142 |   122 |   240 ||   610
       Fireball          |       |       |       |       |     6 |    72 |    44 |    10 |     1 ||   133
       Ignition          |       |       |       |       |       |       |    38 |    70 |    74 ||   182
       Shatter           |       |       |       |       |       |       |       |    30 |   287 ||   317
       Fire Storm        |       |       |       |       |       |       |       |       |   120 ||   120
       Necromutation     |       |       |       |       |       |       |       |       |     5 ||     5
       Death's Door      |       |       |       |       |       |       |       |       |     1 ||     1
 Abil: Fly               |       |       |       |       |     1 |       |       |       |       ||     1
       End Transformatio |       |       |       |       |       |       |       |       |     1 ||     1
Evoke: Wand              |       |       |     5 |     3 |    18 |       |    24 |     3 |     5 ||    58
       Phantom mirror    |       |       |       |       |       |       |       |       |     3 ||     3
       Phial of floods   |       |       |       |       |       |       |       |       |     2 ||     2
       Figurine of a zig |       |       |       |       |       |       |       |       |     1 ||     1
  Use: Scroll            |       |    16 |     6 |    10 |    12 |     5 |    16 |    15 |    75 ||   155
       Potion            |       |     1 |     5 |     4 |     9 |     5 |     6 |    10 |    46 ||    86
 Stab: Sleeping          |     2 |     3 |     3 |     3 |     1 |       |     1 |     3 |     5 ||    21
       Confused          |       |       |       |       |     1 |       |       |       |       ||     1
       Betrayed ally     |       |       |       |       |       |       |     1 |       |       ||     1
       Invisible         |       |       |       |       |       |       |     1 |       |       ||     1
       Distracted        |       |       |       |       |       |       |     1 |     1 |     2 ||     4
  Eat: Chunk             |       |     8 |    14 |    31 |    34 |    27 |    58 |    61 |    37 ||   270
       Ration            |       |     1 |       |     1 |     8 |     9 |    16 |    14 |    49 ||    98
Armor: Robe              |    37 |    99 |   132 |   303 |   373 |   138 |    47 |       |       ||  1129
       Leather armour    |       |       |       |       |       |       |   355 |   238 |   748 ||  1341
       Acid dragon scale |       |       |       |       |       |       |       |       |    47 ||    47
Dodge: Dodged            |    44 |   168 |   209 |   418 |   645 |   183 |   601 |   363 |  1083 ||  3714
Block: Other             |       |       |       |       |       |       |       |    58 |   184 ||   242

Table legend:
 A = Non-vault XP
 B = Vault XP
 C = Vault XP percentage of total XP
 D = Non-vault monster count
 E = Vault monster count
 F = Vault count percentage of total count
                 A         B        C        D         E       F
            +---------+---------+-------+---------+---------+-------
      Total | 2211528 |  780158 |  26.1 |    2807 |     921 |  24.7
            +---------+---------+-------+---------+---------+-------
        D:1 |      27 |       0 |   0.0 |      17 |       0 |   0.0
        D:2 |      40 |      73 |  64.6 |       8 |       2 |  20.0
        D:3 |     189 |       0 |   0.0 |      47 |       0 |   0.0
        D:4 |     313 |       0 |   0.0 |      11 |       0 |   0.0
        D:5 |     840 |     255 |  23.3 |      36 |       3 |   7.7
        D:6 |     678 |     264 |  28.0 |      24 |       1 |   4.0
        D:7 |    2295 |       0 |   0.0 |      46 |       0 |   0.0
        D:8 |    2095 |       0 |   0.0 |      25 |       0 |   0.0
        D:9 |    1401 |    4036 |  74.2 |      20 |      38 |  65.5
       D:10 |     599 |    7837 |  92.9 |      10 |      21 |  67.7
       D:11 |    2644 |    1074 |  28.9 |      22 |      12 |  35.3
       D:12 |    5722 |    2473 |  30.2 |      34 |       3 |   8.1
       D:13 |    5305 |    3632 |  40.6 |      22 |       9 |  29.0
       D:14 |    2804 |       0 |   0.0 |      12 |       0 |   0.0
       D:15 |    5665 |    9021 |  61.4 |      21 |       7 |  25.0
     Lair:1 |    3079 |     879 |  22.2 |      17 |       2 |  10.5
     Lair:2 |    7788 |     448 |   5.4 |      26 |       4 |  13.3
     Lair:3 |    3001 |       0 |   0.0 |      15 |       0 |   0.0
     Lair:4 |    5010 |    3540 |  41.4 |      20 |      10 |  33.3
     Lair:5 |    6405 |       0 |   0.0 |      23 |       0 |   0.0
     Lair:6 |   11031 |    9615 |  46.6 |      28 |      44 |  61.1
   Shoals:1 |    9093 |       0 |   0.0 |      16 |       0 |   0.0
   Shoals:2 |   18863 |   10091 |  34.9 |      40 |      12 |  23.1
   Shoals:3 |   14360 |       0 |   0.0 |      28 |       0 |   0.0
   Shoals:4 |   21698 |   34593 |  61.5 |      40 |      38 |  48.7
    Snake:1 |   18273 |    4701 |  20.5 |      40 |       6 |  13.0
    Snake:2 |   34790 |       0 |   0.0 |      55 |       0 |   0.0
    Snake:3 |   22388 |   10352 |  31.6 |      35 |      20 |  36.4
    Snake:4 |   15291 |   30245 |  66.4 |      26 |      44 |  62.9
    Slime:1 |    3480 |       0 |   0.0 |       4 |       0 |   0.0
    Slime:2 |    9663 |   14053 |  59.3 |      18 |       1 |   5.3
    Slime:3 |    1351 |       0 |   0.0 |       5 |       0 |   0.0
    Slime:4 |    8878 |       0 |   0.0 |       5 |       0 |   0.0
    Slime:5 |   22161 |   28169 |  56.0 |      33 |      14 |  29.8
      Orc:1 |    5612 |       0 |   0.0 |      35 |       0 |   0.0
      Orc:2 |    3976 |   17052 |  81.1 |      24 |      37 |  60.7
      Elf:1 |   16062 |   17161 |  51.7 |      26 |      41 |  61.2
      Elf:2 |   12067 |     886 |   6.8 |      18 |       1 |   5.3
      Elf:3 |   27278 |   47113 |  63.3 |      36 |      29 |  44.6
   Vaults:1 |    6848 |   24272 |  78.0 |      17 |      37 |  68.5
   Vaults:2 |   36869 |   38961 |  51.4 |      57 |      43 |  43.0
   Vaults:3 |   50446 |   30113 |  37.4 |      72 |      31 |  30.1
   Vaults:4 |   31208 |   57956 |  65.0 |      49 |      46 |  48.4
   Vaults:5 |   45070 |  117357 |  72.3 |      57 |      77 |  57.5
    Crypt:1 |   26845 |       0 |   0.0 |      52 |       0 |   0.0
    Crypt:2 |   25990 |       0 |   0.0 |      36 |       0 |   0.0
    Crypt:3 |       0 |   79729 | 100.0 |       0 |     121 | 100.0
   Depths:1 |   58556 |     612 |   1.0 |      80 |       4 |   4.8
   Depths:2 |   38976 |   29074 |  42.7 |      47 |      28 |  37.3
   Depths:3 |   36039 |   30433 |  45.8 |      45 |      19 |  29.7
   Depths:4 |   30856 |   46887 |  60.3 |      40 |      33 |  45.2
   Depths:5 |   48251 |   54063 |  52.8 |      41 |      36 |  46.8
      Zig:1 |    6128 |       0 |   0.0 |       9 |       0 |   0.0
      Zig:2 |    6619 |    2368 |  26.3 |       7 |       4 |  36.4
      Zig:3 |    9904 |       0 |   0.0 |      10 |       0 |   0.0
      Zig:4 |   11573 |       0 |   0.0 |      20 |       0 |   0.0
      Zig:5 |   14655 |       0 |   0.0 |      28 |       0 |   0.0
      Zig:6 |   18092 |       0 |   0.0 |      23 |       0 |   0.0
      Zig:7 |   33705 |       0 |   0.0 |      26 |       0 |   0.0
      Zig:8 |   31174 |       0 |   0.0 |      34 |       0 |   0.0
      Zig:9 |   35452 |       0 |   0.0 |      31 |       0 |   0.0
     Zig:10 |   40915 |       0 |   0.0 |      51 |       0 |   0.0
     Zig:11 |   43489 |    2534 |   5.5 |      47 |       4 |   7.8
     Zig:12 |   69794 |       0 |   0.0 |      49 |       0 |   0.0
     Zig:13 |   65917 |    3442 |   5.0 |      53 |       4 |   7.0
     Zig:14 |   70792 |       0 |   0.0 |      84 |       0 |   0.0
     Zig:15 |  111624 |       0 |   0.0 |      66 |       0 |   0.0
     Zig:16 |   31637 |       0 |   0.0 |      33 |       0 |   0.0
     Zig:17 |   67903 |       0 |   0.0 |      33 |       0 |   0.0
     Zig:18 |   44925 |       0 |   0.0 |      40 |       0 |   0.0
     Zig:19 |   51735 |       0 |   0.0 |      34 |       0 |   0.0
     Zig:20 |   78388 |       0 |   0.0 |      69 |       0 |   0.0
     Zig:21 |   86967 |       0 |   0.0 |      62 |       0 |   0.0
     Zig:22 |   69547 |       0 |   0.0 |      62 |       0 |   0.0
     Zig:23 |   51460 |       0 |   0.0 |      85 |       0 |   0.0
     Zig:24 |   97998 |       0 |   0.0 |      72 |       0 |   0.0
     Zig:25 |  112056 |       0 |   0.0 |      98 |       0 |   0.0
     Zig:26 |   86803 |       0 |   0.0 |      58 |       0 |   0.0
     Zig:27 |   94107 |       0 |   0.0 |      62 |       0 |   0.0
    Ossuary |       0 |     156 | 100.0 |       0 |      16 | 100.0
    Volcano |       0 |    4638 | 100.0 |       0 |      19 | 100.0
            +---------+---------+-------+---------+---------+-------
